 Dungeon Crawl Stone Soup version 0.32-a0-22-g6ae6769602 (webtiles) character file.

Game seed: 17931860953427777901

1498870 oldriver the Conqueror (level 27, -9/323 HPs)
             Began as a Demonspawn Earth Elementalist on Jan 15, 2024.
             Was an Initiate of Gozag.
             Killed from afar by Qoovat the pandemonium lord (29 damage)
             ... with a spray of metal splinters
             ... on level 22 of a ziggurat on Jan 19, 2024.
             The game lasted 08:50:24 (225790 turns).

oldriver the Conqueror (DsEE)                     Turns: 225790, Time: 08:50:24

Health: -9/323     AC: 22    Str: 20    XL:     27
Magic:  26/63      EV: 32    Int: 42    God:    Gozag
Gold:   38640      SH: 20    Dex: 28    Spells: 12/80 levels left

rFire   + + +        U - staff of Prudence {Summ Fire Earth}
rCold   + + +        G - +2 shield of Resistance {rF++ rC++ Will++}
rNeg    + + +        B - +7 toga "Victory" {*Victory Int+7 Slay+7 Clar}
rPois   ∞            (helmet unavailable)
rElec   +            f - scarf "Guwko" {repulsion, rF+ rN+}
rCorr   +            g - +4 pair of gloves of Cailann {Rampage rN+ Dex+3}
SInv    +            p - +0 pair of boots "Aclikig" {Rampage Dex+6 Slay-2}
Will    +++++        H - amulet of magic regeneration
Stlth   ++++++++++   M - ring "Pusypaph" {+Blink rC+ Will+ Str+2 Int+6}
HPRegen 3.33/turn    S - ring of Incredulity {rF+ rCorr MP+9 Dex+6}
MPRegen 0.78/turn

%: repel missiles, clarity, rampage
@: mighty, brilliant, death-form, resistant, enlightened, flying (expiring),
studying 8 skills
A: vile attack, torment immunity, no potions, antennae 3, thin metallic scales
3, icemail 2, powered by death 3, robust 3, condensation shield, clever 1,
strong-willed 1, regeneration 2, strong 1, MP-powered wands
}: 14/15 runes: barnacled, slimy, silver, iron, obsidian, icy, bone, abyssal,
demonic, glowing, magical, fiery, dark, gossamer
a: Siphon Essence, Begin Untransformation, Renounce Religion, Evoke Blink,
Potion Petition, Call Merchant, Bribe Branch


You were on level 22 of a ziggurat.
You worshipped Gozag.
Gozag was extremely pleased with you.
You were an undying horror.
You visited 17 branches of the dungeon, and saw 85 of its levels.
You visited Pandemonium 1 time, and saw 21 of its levels.
You visited the Abyss 1 time.
You visited 1 bazaar.
You visited 2 ziggurats (completing 1), and saw 49 of their levels.
You also visited: Sewer and Desolation.

You collected 83402 gold pieces.
You spent 17282 gold pieces at shops.
You paid 27480 gold pieces to Gozag.

Inventory:

Hand Weapons
 b - the +8 demon trident "Rift" {distort, reach+}
   (You found it on level 23 of a ziggurat)
 z - the +10 dark maul {heavy}
   (You found it on level 13 of a ziggurat)
 C - the +9 sword of Zonguldrok {reap}
   (You found it on level 9 of a ziggurat)
 Y - the +13 scythe of Curses {drain, curses, ^Drain}
   (You found it on level 12 of a ziggurat)

   ^Drain:    It drains your maximum health when unequipped.
Missiles
 u - 20 silver javelins
Armour
 a - the +10 tower shield of Ignorance {rN+ Int-4}
   (You took it off a daeva on level 21 of a ziggurat)

   Int-4:     It affects your intelligence (-4).
   rN+:       It protects you from negative energy.
 f - the scarf "Guwko" (worn) {repulsion, rF+ rN+}
   (You acquired it on level 13 of a ziggurat)

   rF+:       It protects you from fire.
   rN+:       It protects you from negative energy.
 g - the +4 pair of gloves of Cailann (worn) {Rampage rN+ Dex+3}
   (You acquired it on level 5 of the Vaults)

   Dex+3:     It affects your dexterity (+3).
   rN+:       It protects you from negative energy.
   Rampage:   It bestows one free step when moving towards enemies.
 p - the +0 pair of boots "Aclikig" (worn) {Rampage Dex+6 Slay-2}
   (You found it on level 5 of the Vaults)

   Dex+6:     It affects your dexterity (+6).
   Slay-2:    It affects your accuracy & damage with ranged weapons and melee
   (-2).
   Rampage:   It bestows one free step when moving towards enemies.
 B - the +7 toga "Victory" (worn) {*Victory Int+7 Slay+7 Clar}
   (You bought it in a shop on level 1 of the Orcish Mines)

   *Victory:  When the wearer kills a threatening monster, it has a chance to
   gain +1 AC, +1 Slay, and +1 Int, capping at +7.
   When the wearer uses a scroll or a potion with a hostile monster in sight,
   its bonuses reset to +0.
   Unequipping it also resets its bonuses to +0.
   Int+7:     It affects your intelligence (+7).
   Slay+7:    It affects your accuracy & damage with ranged weapons and melee
   (+7).
   Clar:      It protects you from confusion, rage, mesmerisation and fear.
 G - the +2 shield of Resistance (worn) {rF++ rC++ Will++}
   (You found it on level 7 of Tartarus)

   rF++:      It greatly protects you from fire.
   rC++:      It greatly protects you from cold.
   Will++:    It greatly increases your willpower.
Magical Staves
 J - the staff of the Jolly Continents {rElec Will+ Tloc Air Earth}
   (You found it on level 7 of Tartarus)

   [staff of air]

   Base accuracy: +5 Base damage: 5 Base attack delay: 1.2 This weapon's minimum
   attack delay (0.6) is reached at skill level 12.
   rElec:     It insulates you from electricity.
   Will+:     It increases your willpower.
   Tloc:      It increases the power of your Translocations spells.
   Air:       It increases the power of your Air spells.
   Earth:     It increases the power of your Earth spells.
   It falls into the 'Staves' category.
   It is a one-handed weapon.
 U - the staff of Prudence (weapon) {Summ Fire Earth}
   (You found it on level 11 of a ziggurat)

   [staff of earth]

   Base accuracy: +5 Base damage: 5 Base attack delay: 1.2 This weapon's minimum
   attack delay (0.6) is reached at skill level 12.
   Summ:      It increases the power of your Summonings spells.
   Fire:      It increases the power of your Fire spells.
   Earth:     It increases the power of your Earth spells.
   It falls into the 'Staves' category.
   It is a one-handed weapon.
Jewellery
 E - the ring "Yweuqog" {Ice rPois rN+ Slay+5}
   (You found it on level 14 of a ziggurat)

   [ring of ice]

   Ice:       It enhances your ice magic.
   Slay+5:    It affects your accuracy & damage with ranged weapons and melee
   (+5).
   rF-:       It makes you vulnerable to fire.
   rC+:       It protects you from cold.
   rPois:     It protects you from poison rN+: It protects you from negative
   energy.
 H - an amulet of magic regeneration (around neck)
 M - the ring "Pusypaph" (left hand) {+Blink rC+ Will+ Str+2 Int+6}
   (You took it off a deep elf blademaster on level 3 of the Elven Halls)

   [ring of intelligence]

   Str+2:     It affects your strength (+2).
   Int+6:     It affects your intelligence (+6).
   rC+:       It protects you from cold.
   Will+:     It increases your willpower.
   +Blink:    It lets you blink.
 S - the ring of Incredulity (right hand) {rF+ rCorr MP+9 Dex+6}
   (You found it in Pandemonium)

   [ring of dexterity]

   Dex+6:     It affects your dexterity (+6).
   rF+:       It protects you from fire.
   MP+9:      It affects your magic capacity (+9).
   rCorr:     It protects you from acid and corrosion.
 Z - the ring "Xayzot" {rElec Int+6 Dex+4 Stlth+}
   (You found it on level 13 of a ziggurat)

   [ring of intelligence]

   Int+6:     It affects your intelligence (+6).
   Dex+4:     It affects your dexterity (+4).
   rElec:     It insulates you from electricity.
   Stlth+:    It makes you more stealthy.
Talismans
 x - the death talisman of Hiud Vur (active) {rF+ Str+4}
   (You found it on level 25 of a ziggurat)

   [talisman of death]

   Str+4:     It affects your strength (+4).
   rF+:       It protects you from fire.
Wands
 h - a wand of light (90)
 i - a wand of roots (157)
 k - a wand of digging (86)
 N - a wand of mindburst (104)
Scrolls
 s - 11 scrolls of fear
 t - 20 scrolls of blinking
 y - a scroll of poison
 D - 24 scrolls of fog
 F - 51 scrolls of teleportation
 I - 14 scrolls of revelation
 K - 15 scrolls of amnesia
 Q - 4 scrolls of torment
 R - a scroll of butterflies
 X - 2 scrolls of immolation
Potions
 c - 12 potions of enlightenment
 d - a potion of ambrosia
 e - 11 potions of resistance
 j - 4 potions of attraction
 l - 2 potions of invisibility
 m - 12 potions of brilliance
 n - 15 potions of haste
 o - 44 potions of curing
 q - 51 potions of mutation
 v - 9 potions of heal wounds
 w - 13 potions of might
 A - 6 potions of magic
 L - 5 potions of cancellation
 O - 8 potions of experience
Miscellaneous
 r - the horn of Geryon
 P - a box of beasts
 T - a tin of tremorstones (1/2)
 V - a phial of floods
 W - a phantom mirror (inert)


   Skills:
 O Level 27 Fighting
 - Level 14.0 Ranged Weapons
 + Level 16.6 Armour
 + Level 19.1 Dodging
 O Level 27 Stealth
 - Level 20.0 Shields
 O Level 27 Spellcasting
 O Level 27 Conjurations
 - Level 15.0 Summonings
 - Level 7.0 Necromancy
 O Level 27 Fire Magic
 O Level 27 Air Magic
 O Level 27 Earth Magic
 - Level 14.0 Evocations
 - Level 24.0 Shapeshifting


You had 12 spell levels left.
You knew the following spells:

 Your Spells              Type           Power      Damage    Failure   Level
a - Stone Arrow           Conj/Erth      100%       3d13      0%          3
c - Lehudib's Crystal Sp  Conj/Erth      94%        10d21     1%          8
i - Ignition              Fire           94%        3d24      1%          8
l - Lee's Rapid Deconstr  Erth           94%        3d41*     0%          5
o - Chain Lightning       Conj/Air       81%        3d108     1%          9
p - Shatter               Erth           94%        3d68*     1%          9
s - Bombard               Conj/Erth      94%        9d15      0%          6
v - Borgnjor's Vile Clut  Necr/Erth      82%        N/A       0%          5
w - Passwall              Erth           100%       N/A       0%          3
x - Irradiate             Conj/Alch      65%        3d33      1%          5
z - Spellforged Servitor  Conj/Summ      88%        N/A       1%          7

Your spell library contained the following spells:

 Spells                   Type           Power      Damage    Failure   Level
 Foxfire                  Conj/Fire      100%       2x1d9     0%          1
 Kiss of Death            Conj/Necr      100%       2d13      0%          1
 Magic Dart               Conj           100%       1d8       0%          1
 Sandblast                Erth           100%       2d20      0%          1
 Shock                    Conj/Air       100%       1d9       0%          1
 Sting                    Conj/Alch      100%       1d9       0%          1
 Summon Small Mammal      Summ           100%       N/A       0%          1
 Call Imp                 Summ           100%       N/A       0%          2
 Cigotuvi's Dreadful Rot  Necr/Alch/Air  100%       N/A       0%          2
 Mercury Vapours          Alch/Air       100%       N/A       0%          2
 Momentum Strike          Conj/Tloc      100%       3d10      0%          2
 Scorch                   Fire           100%       2d9       0%          2
 Searing Ray              Conj           100%       2d8       0%          2
 Static Discharge         Conj/Air       100%       3-8/arc   0%          2
 Call Canine Familiar     Summ           100%       N/A       0%          3
 Dazzling Flash           Conj/Hex       100%       N/A       0%          3
 Hailstorm                Conj/Ice       100%       3d16      0%          3
 Inner Flame              Hex/Fire       100%       N/A       0%          3
 Mephitic Cloud           Conj/Alch/Air  100%       N/A       0%          3
 Swiftness                Air            100%       N/A       0%          3
 Volatile Blastmotes      Fire/Tloc      100%       2d18      0%          3
 Airstrike                Air            81%        2d(12-28) 0%          4
 Animate Armour           Summ/Erth      100%       N/A       0%          4
 Brom's Barrelling Bould  Conj/Erth      100%       2d11      0%          4
 Flame Wave               Conj/Fire      100%       2d21      0%          4
 Fulminant Prism          Conj/Alch      65%        3d27      0%          4
 Ignite Poison            Fire/Alch      100%       N/A       0%          4
 Iskenderun's Mystic Bla  Conj/Tloc      100%       2d19      0%          4
 Leda's Liquefaction      Alch/Erth      77%        N/A       0%          4
 Petrify                  Alch/Erth      100%       N/A       0%          4
 Sticky Flame             Fire/Alch      100%       2d15      0%          4
 Summon Blazeheart Golem  Fire/Summ      100%       N/A       0%          4
 Summon Lightning Spire   Summ/Air       100%       N/A       0%          4
 Vhi's Electric Charge    Tloc/Air       100%       N/A       0%          4
 Arcjolt                  Conj/Air       81%        1d91      0%          5
 Fireball                 Conj/Fire      94%        3d34      0%          5
 Freezing Cloud           Conj/Ice/Air   71%        6-21      0%          5
 Iskenderun's Battlesphe  Conj           100%       2d15      0%          5
 Conjure Ball Lightning   Conj/Air       81%        3x3d31    0%          6
 Plasma Beam              Fire/Air       94%        2x1d113   0%          6
 Starburst                Conj/Fire      94%        6d24      0%          6
 Orb of Destruction       Conj           81%        9d18      0%          7
 Apportation              Tloc           100%       N/A       1%          1
 Freeze                   Ice            100%       1d10      1%          1
 Necrotise                Necr           100%       1d9       1%          1
 Slow                     Hex            100%       N/A       1%          1
 Blink                    Tloc           100%       N/A       1%          2
 Ensorcelled Hibernation  Hex/Ice        100%       N/A       1%          2
 Jinxbite                 Hex            100%       N/A       1%          2
 Lesser Beckoning         Tloc           100%       N/A       1%          2
 Sublimation of Blood     Necr           100%       N/A       1%          2
 Confusing Touch          Hex            71%        N/A       1%          3
 Frozen Ramparts          Ice            100%       1d16      1%          3
 Fugue of the Fallen      Necr           100%       N/A       1%          3
 Gell's Gravitas          Tloc           71%        N/A       1%          3
 Ozocubu's Armour         Ice            71%        N/A       1%          3
 Sigil of Binding         Hex            71%        N/A       1%          3
 Summon Ice Beast         Ice/Summ       100%       N/A       1%          3
 Teleport Other           Tloc           71%        N/A       1%          3
 Tukima's Dance           Hex            71%        N/A       1%          3
 Vampiric Draining        Necr           100%       2d13      1%          3
 Anguish                  Hex/Necr       46%        N/A       1%          4
 Dispel Undead            Necr           100%       3d31      1%          4
 Martyr's Knell           Necr/Summ      100%       N/A       1%          4
 Curse of Agony           Necr           100%       N/A       1%          5
 Silence                  Hex/Air        65%        N/A       1%          5
 Summon Forest            Summ/Tloc      66%        N/A       1%          5
 Summon Mana Viper        Hex/Summ       100%       N/A       1%          5
 Summon Cactus Giant      Summ           80%        N/A       1%          6
 Monstrous Menagerie      Summ           80%        N/A       1%          7
 Summon Hydra             Summ           80%        N/A       1%          7
 Maxwell's Capacitive Co  Air            81%        ∞         1%          8
 Fire Storm               Conj/Fire      94%        8d24      1%          9
 Cause Fear               Hex            35%        N/A       3%          4
 Dimensional Bullseye     Hex/Tloc       35%        N/A       3%          4
 Manifold Assault         Tloc           71%        N/A       3%          4
 Olgreb's Toxic Radiance  Alch           71%        N/A       3%          4
 Passage of Golubria      Tloc           71%        N/A       3%          4
 Death Channel            Necr           53%        N/A       3%          6
 Haunt                    Necr/Summ      73%        N/A       3%          7
 Summon Horrible Things   Summ           80%        N/A       4%          8
 Alistair's Intoxication  Alch           47%        N/A       10%         5
 Metabolic Englaciation   Hex/Ice        35%        N/A       10%         5
 Yara's Violent Unravell  Hex/Alch       35%        3d14      10%         5
 Malign Gateway           Summ/Tloc      66%        N/A       13%         7
 Dispersal                Tloc           35%        N/A       45%         6
 Eringya's Noxious Bog    Alch           35%        4d6       45%         6
 Sculpt Simulacrum        Ice/Alch       35%        N/A       45%         6
 Borgnjor's Revivificati  Necr           53%        N/A       77%         8
 Infestation              Necr           53%        N/A       77%         8
 Enfeeble                 Hex            35%        N/A       96%         7
 Ozocubu's Refrigeration  Ice            35%        4d15      96%         7
 Discord                  Hex            35%        N/A       100%        8
 Death's Door             Necr           53%        N/A       100%        9
 Polar Vortex             Ice            35%        12d4*     100%        9
 Animate Dead             Necr           Unusable   N/A       N/A         4

Dungeon Overview and Level Annotations

Branches:
Dungeon (15/15)            Temple (1/1) D:5            Lair (5/5) D:8
 Shoals (4/4) Lair:2       Spider (4/4) Lair:2        Slime (5/5) Lair:4
    Orc (2/2) D:12            Elf (3/3) Orc:2        Vaults (5/5) D:14
  Crypt (3/3) Vaults:2       Tomb (0/3) Crypt:3      Depths (4/4) D:15
   Hell (visited)             Dis (7/7) Hell            Geh (7/7) Hell
    Coc (7/7) Hell            Tar (7/7) Hell            Zot (5/5) Depths:4
  Sewer (visited)         Desolation (visited)

Altars:
Ashenzari
Cheibriados
Dithmenos
Fedhas
Gozag
Hepliaklqana
Kikubaaqudgha
Makhleb
Nemelex Xobeh
Okawaru
Qazlal
Ru
Sif Muna
Trog
Uskayaw
Vehumet
Wu Jian
Xom
Yredelemnul
Jiyva

Shops:
D:6 *=   D:8 *   D:11 =   D:12 :(!=*   D:13 [*![:   D:15 *[=   Orc:1 [!
Orc:2 *(=?:   Elf:3 [   Vaults:2 =   Vaults:3 *   Vaults:4 *?:!   Depths:3 [?
Depths:4 [=!=?

Portals:
Hell: Depths:1 Depths:2 Depths:3 Depths:4
Abyss: Depths:2 Depths:3 Depths:4
Pandemonium: Depths:2 Depths:4
Trove: Elf:2 (give 19 potions of curing)

Annotations:
Spider:2 2 transporters, Movesim's ghost, adept DjAE
Elf:2 5 runed translucent doors
Zot:5 exclusion: obsidian statue


Innate Abilities, Weirdness & Mutations

You are an undying horror.
Your melee and unarmed attacks drain, slow and weaken victims.
You are immune to unholy pain and torment.
You cannot drink.
You are immune to poison.
You have a pair of large antennae on your head. (SInv)
You are completely covered in thin metallic scales. (AC +4, rElec)
A meltable icy envelope protects you from harm. (AC +0)
You regenerate a lot of health from kills.
You are extremely robust. (+30% HP)
A meltable shield of frost defends you. (SH +0)
Your mind is acute. (Int +4, Str/Dex -1)
You are strong-willed. (Will+)
You heal very quickly.
Your muscles are strong. (Str +4, Int/Dex -1)
You expend magic power (3 MP) to strengthen your wands.


Message History

You closely miss Qoovat.
Qoovat is severely wounded.
You block Qoovat's attack. The ettin misses you. You block the ettin's attack.
Qoovat completely misses you. The ettin closely misses you.
You block the ettin's attack.
You hit Qoovat but do no damage.
Qoovat is severely wounded.
Qoovat is no longer moving slowly.
Qoovat is no longer weakened.
Qoovat tramples you!
You are shoved backwards!
Qoovat tramples you!!
You hold your ground!
You block the ettin's attack. The ettin hits you!!
You hit Qoovat but do no damage.
Qoovat is severely wounded.
Qoovat gestures.
The dungeon shakes, a horrible noise fills the air, and a portal to some otherworldly place is opened!
The ettin closely misses you. You block the ettin's attack.
Qoovat tramples you!
You hold your ground!
The ettin barely misses you. The ettin completely misses you.
Qoovat gestures at you.
You convulse!
* * * LOW HITPOINT WARNING * * *
[a] - 110 gold - heal wounds [b] - 672 gold - invisibility, might, haste and resistance [c] - 450 gold - resistance and enlightenment Purchase which effect?
You feel much better. Qoovat barely misses you.
The ettin completely misses you. x2
Qoovat gestures at you.
You convulse!
* * * LOW HITPOINT WARNING * * *
An eldritch tentacle comes into view. [a] - 264 gold - brilliance and magic [b] - 348 gold - brilliance and magic [c] - 224 gold - might and brilliance Purchase which effect?
You feel clever all of a sudden. Magic courses through your body.
Qoovat gestures at you. The spray of metal splinters hits you!!
You die...
Your body crumbles into a pile of gold.

▓▓▓▓▓▓▓▓▓▓ .........▓
.$.......▓ .w.$.....▓
.$\......▓▓▓▓▓▓▓▓▓▓▓▓
...\................▓
........$...........▓
&.$t...$...$...C....▓
.J$..........$.&z...▓
.$.$$.$....$.$......▓
$$$$$.$.............▓
.$.$$$........$....∩▓
$$.$$$...$.$..$.....▓
.t..$....§§§$$......▓
....$$..$w§§........▓
........$.§§........▓
$........$..$.......▓


You could see Qoovat (fast), an eldritch tentacle (unaware) and an ettin (fast,
strong).

Vanquished Creatures
  Cerebov (Pan)
  Asmodeus (Geh:7)
  the Royal Jelly (Slime:5)
  Ereshkigal (Tar:7)
  Mnoleg (Pan)
  the Serpent of Hell (Geh:7)
  Lom Lobon (Pan)
  14 dread liches
  22 ancient liches
  8 orbs of fire
  30 pandemonium lords
  6 juggernauts
  Mara (Depths:3)
  24 royal mummies
  Boris (twice) (Vaults:2 Vaults:4)
  24 Killer Klowns
  16 shard shrikes
  4 curse toes
  Geryon (Hell)
  52 caustic shrikes
  13 bone dragons
  6 profane servitors
  The ghost of Qecvurom the Warrior, an adept DrRe of Fedhas (Vaults:3)
  29 golden dragons
  15 pearl dragons
  11 Tzitzimimeh
  10 iron giants
  13 doom hounds
  The ghost of Doesme the Severer, an adept GnCA of Ignis (Vaults:1)
  20 Brimstone Fiends
  24 Ice Fiends
  24 tentacled monstrosities
  A spectral shard shrike (Tar:7)
  6 electric golems
  2 shard shrike zombies
  Mlioglotl (Spider:1)
  22 hellephants
  Rupert (D:13)
  47 Hell Sentinels
  10 liches
  25 Orb Guardians (Zot:5)
  12 tainted leviathans
  A shard shrike skeleton (Tar:7)
  2 deep elf blademasters (Elf:3)
  23 titans
  2 walking frostbound tomes
  13 sphinxes
  2 quicksilver dragons (shapeshifter) (Zig:22)
  19 searing wretches
  A sphinx (shapeshifter) (Zig:22)
  14 quicksilver dragons
  21 acid blobs
  4 tentacled starspawn
  A walking divine tome (Depths:2)
  42 Executioners
  29 ancient champions
  9 death cobs
  Polyphemus (Shoals:2)
  An eldritch tentacle (Zig:22)
  3 thorn hunters
  A shadow dragon (shapeshifter) (Zig:22)
  5 tengu reavers
  Donald (Shoals:3)
  15 shadow dragons
  A storm dragon (shapeshifter) (Zig:22)
  22 fenstrider witches
  9 revenants
  24 narguns
  27 storm dragons
  12 draconian monks
  15 azure jellies
  18 protean progenitors
  29 nagarajas
  16 rockslimes
  11 draconian knights
  Aizul (Spider:3)
  11 demonspawn warmongers (Pan)
  22 fire giants
  Louise (Shoals:2)
  20 iron dragons
  A fire giant (shapeshifter) (Zig:22)
  13 daevas
  9 draconian shifters
  15 quicksilver elementals
  13 deep elf sorcerers
  A rockslime (shapeshifter) (Zig:22)
  2 emperor scorpions
  3 imperial myrmidons (Desolation)
  16 frost giants
  21 vault wardens
  38 balrugs
  2 spectral juggernauts
  27 draconian scorchers
  14 curse skulls
  20 ghost moths
  8 draconian stormcallers
  4 ghouls
  A spectral caustic shrike (Tar:2)
  36 reapers
  3 deep elf elementalists (Elf:3)
  5 orc warlords
  9 draconian annihilators
  26 cacodemons
  8 angels
  4 shard shrike simulacra
  2 spriggan defenders (Depths:1)
  3 juggernaut zombies
  5 broodmothers
  8 caustic shrike skeletons
  11 juggernaut skeletons
  4 formless jellyfish
  30 very ugly things
  9 demonspawn blood saints (Pan)
  8 demonspawn corrupters (Pan)
  A formless jellyfish (shapeshifter) (Zig:22)
  A broodmother (shapeshifter) (Zig:22)
  A stone giant (shapeshifter) (Zig:22)
  32 stone giants
  5 quicksilver oozes
  15 elemental wellsprings
  13 ironbound thunderhulks
  11 ophanim (Zig:21)
  17 ironbound preservers
  11 vampire knights
  Nessos (D:13)
  13 black draconians
  9 deep elf death magi
  7 eleionomae
  12 putrid mouths
  6 deep elf demonologists
  12 demonspawn black suns
  6 apis (Zig:21)
  A bennu (Zig:21)
  18 red draconians
  13 spark wasps
  12 green draconians
  25 wendigos
  21 dire elephants
  5 deep elf annihilators
  15 yellow draconians
  The ghost of tmcgee265 the Pannier, a journeyman MfBr of Nemelex Xobeh (Lair:3)
  24 lorocyprocas
  42 war gargoyles
  10 bunyips
  10 white draconians
  8 purple draconians
  13 eidola
  11 crystal guardians
  12 fire dragons
  10 mummy priests
  27 iron golems
  14 ettins
  A quicksilver dragon zombie (Zig:21)
  12 blizzard demons
  12 merfolk impalers
  13 jiangshi
  7 shambling mangroves
  Josephine (D:15)
  2 spectral fenstrider witches
  20 entropy weavers
  41 green deaths
  A quicksilver dragon skeleton (Tar:7)
  20 yaktaur captains
  An entropy weaver (shapeshifter) (D:15)
  15 great orbs of eyes
  12 ragged hierophants (Desolation)
  9 deep elf high priests
  12 merfolk javelineers
  31 salamander tyrants
  A fire dragon (shapeshifter) (Zig:24)
  8 rakshasas
  13 caustic shrike simulacra
  7 ogre magi
  3 spriggan zombies
  4 spectral spriggans
  6 catoblepae
  19 vault guards
  10 peacekeepers
  11 servants of whispers (Desolation)
  6 spriggan air magi
  6 hell beasts
  An anaconda (shapeshifter) (Zig:22)
  11 juggernaut simulacra
  3 ghost crabs
  21 ice dragons
  5 radroaches
  2 spriggan skeletons
  10 ironbound frosthearts
  3 merfolk avatars
  2 jorogumos (Pan)
  An alligator (shapeshifter) (Zig:22)
  An alligator snapping turtle (shapeshifter) (Zig:22)
  14 hydras
  2 satyrs
  3 anacondas
  18 boulder beetles
  7 centaur warriors
  10 merfolk aquamancers
  7 alligators
  12 dancing weapons
  11 deep troll earth magi
  6 stokers
  2 spectral stone giants
  3 alligator snapping turtles (Shoals:4)
  23 two-headed ogres
  44 demonic crawlers
  A two-headed ogre (shapeshifter) (Zig:22)
  3 sphinx zombies (Zig:21)
  3 death knights
  9 deep troll shamans
  18 death yaks
  3 spectral dire elephants
  8 death scarabs
  6 naga warriors
  22 hell hogs
  13 vampire magi
  8 orc high priests
  2 spectral emperor scorpions (Pan)
  2 spectral storm dragons
  8 tengu warriors
  6 spriggan berserkers
  2 storm dragon zombies
  A shock serpent (shapeshifter) (Zig:22)
  5 spriggans
  Urug (D:10)
  19 shock serpents
  A bennu skeleton (Crypt:1)
  17 deep elf knights
  6 thrashing horrors
  67 soul eaters
  14 hell knights
  5 holy swine (Pan)
  Sonja (D:13)
  10 naga sharpshooters
  An occultist (Abyss:1)
  6 pharaoh ants
  117 sun demons
  3 wretched stars
  A spectral bunyip (Tar:1)
  45 shadow wraiths
  A salamander mystic (Zig:20)
  32 skeletal warriors
  7 fire crabs
  3 goliath frogs
  4 hellephant skeletons (Pan)
  A titan skeleton (Crypt:3)
  18 skysharks
  6 death drakes
  5 arcanists
  2 anaconda zombies
  17 iron trolls
  16 crystal echidnas
  2 golden dragon zombies (Zig:19)
  7 flayed ghosts
  A skyshark (shapeshifter) (Zig:22)
  15 orb spiders
  26 sixfirhies
  2 naga ritualists
  7 mana vipers
  2 spatial maelstroms
  A storm dragon skeleton (Zig:19)
  A spectral anaconda (Tar:2)
  A mana viper (shapeshifter) (Zig:22)
  2 glowing orange brains (shapeshifter)
  6 glowing orange brains
  48 deep trolls
  9 cherubim (Zig:21)
  5 obsidian statues
  7 spriggan druids
  20 sea snakes
  7 spriggan simulacra
  3 bog bodies
  4 quicksilver dragon simulacra
  An iron giant skeleton (Geh:4)
  2 tengu zombies (Zig:19)
  4 orange crystal statues
  30 shadow demons
  13 swamp dragons
  11 steelbarb worms
  6 lindwurms
  2 sea snakes (shapeshifter)
  4 nameless horrors
  A golden dragon skeleton (Zig:21)
  16 harpies
  18 ironbound convokers
  96 large abominations
  10 sun moths (Pan)
  14 phantasmal warriors
  9 deep elf archers
  Pikel (D:7)
  5 necromancers
  4 iron dragon zombies
  A spectral hydra (Tar:2)
  16 orc knights
  A spectral alligator snapping turtle (Tar:2)
  26 deep elf pyromancers
  A tengu skeleton (Zig:21)
  30 deep elf zephyrmancers
  14 wolf spiders
  25 moths of wrath
  8 shining eyes
  11 cyclopes
  4 fauns
  7 will-o-the-wisps
  41 ugly things
  15 orc sorcerers
  A shadow dragon skeleton (Zig:21)
  3 worldbinders
  A glowing shapeshifter (Zig:4)
  A cyclops (shapeshifter) (Zig:4)
  2 spectral ettins
  A spectral centaur (Tar:1)
  A stone giant skeleton (Tar:7)
  7 salamanders
  32 black mambas
  5 elephants
  9 meliai
  A naga zombie (Tar:1)
  10 merfolk sirens
  2 kobold blastminers (Zig:20)
  20 manticores
  A frost giant skeleton (Vaults:2)
  19 guardian serpents
  21 apocalypse crabs
  A centaur zombie (Tar:1)
  10 rust devils
  5 eyes of devastation
  6 titan simulacra
  4 molten gargoyles
  An iron dragon skeleton (Zig:21)
  9 naga magi
  A water nymph (shapeshifter) (Depths:2)
  A shock serpent skeleton (Crypt:2)
  Maggie (D:10)
  21 torpor snails
  18 water nymphs
  29 orange demons
  A storm dragon simulacrum (Zig:21)
  7 ice statues
  4 fire giant skeletons
  93 smoke demons
  6 gargoyles
  25 vault sentinels
  2 unseen horrors
  2 torpor snails (shapeshifter)
  A rime drake (shapeshifter) (Zig:24)
  3 centaur skeletons
  22 yaktaurs
  55 hellions
  21 cane toads
  2 kobold demonologists (D:13)
  A mana viper skeleton (Crypt:2)
  29 tormentors
  14 rime drakes
  22 efreet
  2 ice devils (Pan)
  8 freezing wraiths
  17 komodo dragons
  28 guardian mummies
  4 tengu conjurers
  2 iron giant simulacra
  2 spectral harpies
  5 spectral nagas
  4 ancient zymes
  A sea snake skeleton (Crypt:2)
  2 harpy zombies
  7 red devils (Pan)
  A silent spectre (Tar:2)
  4 anaconda simulacra
  A merfolk (shapeshifter) (Zig:22)
  24 merfolk
  A queen bee (D:11)
  5 tyrant leeches
  22 hellwings
  13 trolls
  A bloated husk (Zig:17)
  8 polar bears
  77 saltlings (Desolation)
  17 wind drakes
  19 hornets
  21 tarantellas
  3 dream sheep
  3 raiju (Zig:14)
  9 glass eyes
  11 snapping turtles
  A dream sheep (shapeshifter) (Depths:2)
  26 blink frogs
  A fire dragon zombie (Crypt:1)
  2 iron dragon simulacra (Coc:7)
  13 jumping spiders
  2 raiju (shapeshifter) (Zig:22)
  A stone giant simulacrum (Coc:1)
  A black mamba zombie (Tar:1)
  4 shadows
  12 ushabtiu
  5 air elementals
  12 culicivoras
  112 slime creatures
  11 wraiths
  An ettin skeleton (Hell)
  4 naga simulacra
  A centaur simulacrum (D:15)
  A wyvern (shapeshifter) (Zig:22)
  63 ynoxinuls
  2 fire elementals
  7 dire elephant simulacra
  3 yaks (shapeshifter)
  55 yaks
  2 fire bats
  3 vampires
  29 water elementals
  6 wyverns
  12 basilisks
  4 golden eyes
  9 starcursed masses
  7 wargs
  44 neqoxecs
  4 humans (D:14)
  A redback (shapeshifter) (Zig:4)
  9 steam dragons
  37 redbacks
  2 spatial vortices (Abyss:2)
  A glowing shapeshifter zombie (Zig:21)
  6 vampire mosquitoes
  7 nagas
  Menkaure (D:7)
  74 chaos spawn
  6 small abominations
  17 harpy simulacra
  3 hydra simulacra
  3 swamp worms (Zig:22)
  7 acid dragons
  33 water moccasins
  15 hell hounds
  An ogre skeleton (Vaults:1)
  35 orc warriors
  6 swamp drakes
  A swamp worm (shapeshifter) (Depths:2)
  A black bear (shapeshifter) (Zig:22)
  4 ice beasts
  4 sky beasts
  A swamp dragon zombie (Crypt:2)
  5 black bears
  5 ettin simulacra
  41 ogres
  14 laughing skulls
  3 boggarts (Vaults:3)
  11 centaurs
  35 wolves
  2 phantoms
  2 weeping skulls (Crypt:3)
  A kobold brigand (D:13)
  11 bullfrogs
  9 earth elementals
  A cyclops zombie (Crypt:1)
  2 glowing shapeshifter simulacra
  2 necrophages
  4 gnoll sergeants
  5 scorpions
  A human skeleton (Vaults:1)
  A warg skeleton (Crypt:1)
  11 wights
  A wyvern skeleton (Crypt:2)
  35 killer bees
  6 electric eels
  A shapeshifter skeleton (Crypt:2)
  A howler monkey (D:8)
  4 bombardier beetles
  A lava snake (D:14)
  3 hounds (D:6)
  16 jellies
  14 orc priests
  An iron imp (Abyss:2)
  3 iguanas
  Natasha (thrice) (D:3)
  17 orc wizards
  6 hell rats
  48 mummies
  5 gnolls
  8 adders
  3 white imps
  2 ufetubi (Abyss:2)
  7 dart slugs
  63 orcs
  11 ball pythons
  9 bats
  9 endoplasms
  7 giant cockroaches
  5 goblins
  8 hobgoblins
  28 kobolds
  2 quokkas
  6 frilled lizards
  7 rats
  A river rat skeleton (Crypt:2)
  22 aspiring fleshes
  3 butterflies (Zig:13)
  6 creeping infernos
  9 fire vortices
  A lurking horror (Abyss:3)
  A spectral weapon (Zig:22)
  4 starspawn tentacles
5657 creatures vanquished.

Vanquished Creatures (collateral kills)
  Antaeus (Coc:7)
  7 pandemonium lords
  Gloorx Vloq (Pan)
  3 dread liches
  Dispater (Dis:7)
  2 ancient liches
  A juggernaut (Dis:7)
  4 Killer Klowns
  15 shard shrikes
  2 curse toes
  18 caustic shrikes
  5 golden dragons
  5 profane servitors
  Nikola (Vaults:2)
  5 bone dragons (Tar:7)
  Jory (Depths:4)
  8 Tzitzimimeh
  12 Brimstone Fiends
  An iron giant (Zig:19)
  2 doom hounds (Tar:7)
  A spectral shard shrike (Tar:3)
  An electric golem (Zig:14)
  2 hellephants
  6 Ice Fiends
  4 tentacled monstrosities
  A lich (Depths:2)
  2 tainted leviathans (Tar:6)
  4 Hell Sentinels (Pan)
  Asterion (Vaults:2)
  4 titans
  4 quicksilver dragons
  A tentacled starspawn (Abyss:1)
  A walking divine tome (Depths:3)
  3 searing wretches
  2 acid blobs (Slime:5)
  5 ancient champions
  7 storm dragons
  15 Executioners (Pan)
  5 shadow dragons
  2 tengu reavers
  A draconian monk (Zot:3)
  3 nagarajas
  4 azure jellies
  9 demonspawn warmongers (Pan)
  2 draconian knights (Zot:3)
  6 fire giants
  2 iron dragons
  2 quicksilver elementals
  3 draconian shifters
  22 balrugs
  2 narguns
  10 vault wardens
  3 spectral caustic shrikes
  4 frost giants
  A ghoul (Crypt:2)
  A shard shrike simulacrum (Coc:7)
  3 draconian scorchers
  26 reapers
  6 demonspawn corrupters (Pan)
  An ironbound thunderhulk (Vaults:4)
  2 draconian stormcallers (Zot:3)
  6 ironbound preservers
  4 juggernaut skeletons (Pan)
  A very ugly thing (Depths:4)
  10 cacodemons
  7 demonspawn blood saints (Pan)
  4 quicksilver oozes
  A draconian annihilator (Zot:3)
  3 caustic shrike skeletons (Pan)
  6 stone giants
  A deep elf death mage (Crypt:3)
  9 demonspawn black suns (Pan)
  4 dire elephants
  3 elemental wellsprings
  3 red draconians
  A deep elf demonologist (Vaults:5)
  6 green draconians
  3 vampire knights
  A deep elf annihilator (Vaults:5)
  A spectral titan (Tar:2)
  4 putrid mouths (Tar:7)
  6 white draconians
  3 black draconians
  6 purple draconians
  A bennu (Zig:21)
  4 yellow draconians
  4 war gargoyles (Dis:7)
  5 wendigos
  3 iron golems
  7 eidola
  3 green deaths (Pan)
  4 jiangshi
  9 blizzard demons (Pan)
  An entropy weaver (Zig:15)
  A fire dragon (Depths:1)
  A yaktaur captain (Vaults:5)
  2 spectral spriggans (Tar:4)
  2 rakshasas
  2 salamander tyrants
  2 spriggan air magi
  2 hell beasts
  13 vault guards
  4 ice dragons
  A hydra (Zig:25)
  3 caustic shrike simulacra
  3 centaur warriors (Vaults:2)
  2 boulder beetles
  2 death knights
  4 ogre magi (Vaults:5)
  An alligator snapping turtle (Zig:16)
  2 deep troll shamans (Depths:1)
  2 merfolk aquamancers (Zig:25)
  2 stokers
  A tengu warrior (Depths:1)
  14 demonic crawlers (Pan)
  6 deep troll earth magi
  A spriggan berserker (Depths:2)
  2 hell hogs
  A spectral naga (Tar:3)
  36 soul eaters (Pan)
  A thrashing horror (Abyss:1)
  A hell knight (Depths:2)
  A spectral dire elephant (Tar:6)
  A spectral emperor scorpion (Pan)
  85 sun demons (Pan)
  A titan skeleton (Tar:7)
  A spriggan (Depths:1)
  4 crystal echidnas
  2 hellephant skeletons (Pan)
  5 iron trolls
  6 skeletal warriors
  7 sixfirhies (Pan)
  23 deep trolls
  6 flayed ghosts
  A spatial maelstrom (Abyss:1)
  A mana viper (Zig:25)
  A quicksilver dragon simulacrum (Coc:7)
  5 sun moths (Pan)
  2 glowing orange brains
  A cherub (Zig:21)
  A spriggan druid (Zig:27)
  8 shadow demons (Pan)
  2 arcanists
  2 spriggan simulacra
  7 phantasmal warriors
  A lindwurm (Vaults:2)
  9 ironbound convokers
  33 large abominations (Pan)
  8 ugly things
  A necromancer (Vaults:2)
  A harpy (Vaults:3)
  A spectral centaur (Tar:1)
  A fire giant zombie (Geh:4)
  A wolf spider (Vaults:5)
  A cyclops (Zig:25)
  A manticore (Zig:15)
  8 moths of wrath
  An iron dragon skeleton (Crypt:1)
  2 titan simulacra (Coc:6)
  2 water nymphs (Zig:25)
  6 vault sentinels
  7 orange demons (Pan)
  39 smoke demons
  A naga zombie (Tar:7)
  A torpor snail (shapeshifter) (Vaults:5)
  7 hellions
  7 efreet
  5 tormentors
  3 freezing wraiths
  An anaconda simulacrum (Coc:1)
  A yaktaur skeleton (Vaults:2)
  An ancient zyme (Abyss:3)
  11 yaktaurs
  2 red devils (Pan)
  An ice devil (Pan)
  A merfolk (shapeshifter) (Depths:2)
  A tengu conjurer (Depths:2)
  A black draconian skeleton (Crypt:1)
  14 hellwings (Pan)
  A guardian mummy (Zig:21)
  A harpy zombie (Geh:4)
  A nameless horror (Vaults:2)
  2 hornets (Depths:1)
  A snapping turtle (Zig:25)
  5 slime creatures
  2 dream sheep (Pan)
  2 centaur simulacra
  2 small abominations (Crypt:3)
  2 fire dragon skeletons (Geh:4)
  25 ynoxinuls (Pan)
  A spriggan (shapeshifter) (Depths:3)
  4 water elementals (Depths:1)
  3 fire bats (Pan)
  2 dire elephant simulacra
  An ushabti (Zig:21)
  6 wraiths
  10 neqoxecs (Pan)
  A golden eye (Abyss:1)
  A redback (Zig:25)
  4 harpy simulacra
  28 chaos spawn (Pan)
  A deep troll zombie (Crypt:1)
  2 hell hounds
  A hydra simulacrum (Coc:7)
  5 laughing skulls
  4 necrophages
  4 burial acolytes (Crypt:3)
  A hound zombie (Crypt:1)
  A mummy (Zig:21)
  An endoplasm zombie (Crypt:1)
  An aspiring flesh (Pan)
  A ball lightning (Pan)
  A creeping inferno (Geh:2)
  11 fire vortices
1020 creatures vanquished.

Vanquished Creatures (others)
  4 eldritch tentacles
  A draconian knight (Zot:3)
  2 protean progenitors (Zig:22)
  A very ugly thing (Zig:22)
  A bunyip (Zig:17)
  A deep elf knight (Elf:3)
  A deep elf zephyrmancer (Elf:1)
  2 fauns (shapeshifter) (Zig:22)
  2 apocalypse crabs (Zig:22)
  2 smoke demons (Pan)
  A titan simulacrum (Coc:7)
  A hellion (Geh:7)
  A yaktaur (Vaults:2)
  An anaconda simulacrum (Coc:2)
  A tormentor (Zig:22)
  A merfolk (shapeshifter) (Zig:22)
  A hornet (Zig:17)
  An iron dragon simulacrum (Zig:23)
  A snapping turtle (shapeshifter) (Zig:22)
  A naga simulacrum (Coc:7)
  A wyvern (Zig:12)
  3 chaos spawn (Zig:22)
  A hell rat (Hell)
  An orc (D:3)
  13 ball lightnings
  A creeping inferno (Geh:5)
  8 fire vortices
  12 starspawn tentacles
67 creatures vanquished.

Grand Total: 6744 creatures vanquished

Notes
Turn   | Place    | Note
-------+----------+-------------------------------------------
     0 | D:1      | oldriver the Demonspawn Earth Elementalist began the quest
                  | for the Orb.
     0 | D:1      | Reached XP level 1. HP: 13/13 MP: 3/3
   157 | D:1      | Reached skill level 1 in Fighting
   222 | D:1      | Gained mutation: A meltable shield of frost defends you.
                  | (SH +0) [demonic ancestry]
   222 | D:1      | Reached XP level 2. HP: 15/21 MP: 0/5
  1195 | D:1      | Gained mutation: You have a pair of small antennae on your
                  | head. [demonic ancestry]
  1195 | D:1      | Reached XP level 3. HP: 27/27 MP: 2/7
  1503 | D:2      | Found a shimmering altar of Xom.
  1716 | D:2      | Found a faded altar of an unknown god.
  2017 | D:3      | Gained mutation: You regenerate a little health from kills.
                  | [demonic ancestry]
  2017 | D:3      | Reached XP level 4. HP: 34/34 MP: 3/8
  2085 | D:3      | Noticed Natasha
  2226 | D:2      | Learned a level 3 spell: Passwall
  2230 | D:2      | Learned a level 3 spell: Stone Arrow
  2743 | D:3      | Killed Natasha
  2744 | D:3      | Reached XP level 5. HP: 36/41 MP: 7/10
  2939 | D:3      | Noticed Natasha
  2947 | D:3      | Killed Natasha
  3089 | D:3      | Noticed Natasha
  3094 | D:3      | Killed Natasha
  3400 | D:4      | Identified the +1 ring mail "Xaedon" {Rampage}
  3979 | D:4      | Gained mutation: You are partially covered in thin metallic
                  | scales. (AC +2) [demonic ancestry]
  3979 | D:4      | Reached XP level 6. HP: 47/47 MP: 6/11
  4498 | D:5      | Entered Level 5 of the Dungeon
  4684 | D:5      | Found a glowing drain.
  4767 | Sewer    | Entered a sewer
  4977 | Sewer    | Gained mutation: You have a pair of antennae on your head.
                  | [demonic ancestry]
  4977 | Sewer    | Reached XP level 7. HP: 54/54 MP: 11/13
  5788 | D:5      | Identified the +1 robe of Nuvo {rPois}
  5791 | D:5      | Found a staircase to the Ecumenical Temple.
  5826 | Temple   | Entered the Ecumenical Temple
  5838 | Temple   | Became a worshipper of Gozag Ym Sagoz the Greedy
  6078 | D:5      | Found an iron altar of Okawaru.
  6088 | D:5      | Found a sacrificial altar of Ru.
  6088 | D:5      | Found a shimmering altar of Xom.
  6088 | D:5      | Found an ancient bone altar of Kikubaaqudgha.
  6093 | D:5      | Found a sparkling altar of Nemelex Xobeh.
  6551 | D:6      | Found Ilojovan's Jewellery Shop.
  6566 | D:6      | Reached skill level 5 in Fighting
  6711 | D:6      | Reached skill level 5 in Spellcasting
  6711 | D:6      | Reached skill level 5 in Conjurations
  6779 | D:6      | Gained mutation: You are mostly covered in thin metallic
                  | scales. (AC +3) [demonic ancestry]
  6779 | D:6      | Reached XP level 8. HP: 52/62 MP: 5/15
  7293 | D:6      | Found Caithan's Elemental Accessories.
  7662 | D:6      | Found a broken altar of Ashenzari.
  7861 | D:7      | Noticed Pikel
  8918 | D:7      | Gained mutation: A meltable icy envelope protects you from
                  | harm. (AC +0) [demonic ancestry]
  8918 | D:7      | Reached XP level 9. HP: 71/71 MP: 11/18
  9142 | D:7      | Noticed a cyclops
  9150 | D:7      | Killed a cyclops
  9151 | D:7      | Reached skill level 5 in Earth Magic
  9261 | D:7      | You fall into a shaft and drop 1 floor!
  9592 | D:7      | Killed Pikel
  9809 | D:7      | Noticed Menkaure
  9811 | D:7      | Killed Menkaure
 10015 | D:6      | Bought the ring of the Monkey's Uncle {rPois rC+ Will+
                  | Str+3} for 577 gold pieces
 10024 | D:7      | Learned a level 4 spell: Brom's Barrelling Boulder
 10879 | D:8      | Reached XP level 10. HP: 37/80 MP: 2/20
 11338 | D:8      | Found a staircase to the Lair.
 12250 | D:8      | Found Ashruixzu's Fire Supplies.
 12965 | D:9      | Noticed a two-headed ogre
 13828 | D:9      | Killed a two-headed ogre
 13829 | D:9      | Reached skill level 5 in Stealth
 14473 | D:10     | Entered Level 10 of the Dungeon
 14479 | D:10     | Noticed Urug
 14568 | D:6      | Bought the Discourse on the Gargoyle for 682 gold pieces
 14575 | D:6      | Learned a level 5 spell: Lee's Rapid Deconstruction
 14581 | D:6      | Learned a level 5 spell: Borgnjor's Vile Clutch
 14679 | Lair:1   | Entered Level 1 of the Lair of Beasts
 14945 | Lair:1   | Noticed a cane toad
 15127 | Lair:1   | Killed a cane toad
 15128 | Lair:1   | Reached skill level 1 in Necromancy
 15128 | Lair:1   | Reached XP level 11. HP: 89/89 MP: 17/24
 16078 | Lair:1   | Reached skill level 10 in Fighting
 16327 | Lair:2   | Noticed a boulder beetle
 17150 | Lair:2   | Killed a boulder beetle
 17429 | Lair:2   | Noticed a skyshark
 17439 | Lair:2   | Killed a skyshark
 17440 | Lair:2   | Reached skill level 10 in Spellcasting
 17440 | Lair:2   | Reached skill level 5 in Necromancy
 18042 | D:6      | Bought a ring of magical power for 240 gold pieces
 18301 | Lair:2   | Reached XP level 12. HP: 97/97 MP: 20/26
 18471 | Lair:2   | Noticed a boulder beetle
 18660 | Lair:2   | Killed a boulder beetle
 18941 | Lair:2   | Reached skill level 10 in Earth Magic
 19370 | Lair:2   | Found a staircase to the Shoals.
 19799 | Lair:2   | Found a hole to the Spider Nest.
 20588 | D:6      | Bought an amulet of the acrobat for 360 gold pieces
 21270 | Lair:3   | Noticed a death yak
 22033 | Lair:3   | Noticed a death yak
 22149 | Lair:3   | Noticed a death yak
 22164 | Lair:3   | Noticed a death yak
 22407 | Lair:3   | Found a transporter.
 22471 | Lair:3   | Noticed a death yak
 22471 | Lair:3   | Noticed a death yak
 22660 | Lair:3   | Noticed tmcgee265's ghost (journeyman MfBr)
 22670 | Lair:3   | Found a transporter.
 22813 | Lair:3   | Killed a death yak
 23034 | Lair:3   | Killed a death yak
 23361 | Lair:2   | Killed a death yak
 23789 | Lair:3   | Killed a death yak
 23972 | Lair:2   | Killed a death yak
 24143 | Lair:3   | Killed a death yak
 24626 | Lair:4   | Gained mutation: You regenerate health from kills. [demonic
                  | ancestry]
 24626 | Lair:4   | Reached XP level 13. HP: 106/106 MP: 14/27
 24946 | Lair:4   | Found a viscous altar of Jiyva.
 24946 | Lair:4   | Found a staircase to the Slime Pits.
 25835 | Lair:5   | Entered Level 5 of the Lair of Beasts
 26043 | Lair:5   | Identified the +1 sling of Ru's Benevolence {drain, MP+9}
 27007 | Lair:5   | Learned a level 6 spell: Bombard
 29112 | Lair:5   | Reached skill level 5 in Dodging
 29939 | Lair:5   | Identified the +0 plate armour "Zant" {rElec rF++}
 30501 | D:10     | Killed Urug
 31053 | D:10     | Noticed Maggie
 31058 | D:10     | Killed Maggie
 31059 | D:10     | Reached XP level 14. HP: 115/115 MP: 29/29
 32228 | D:11     | Found Vuscheta's Jewellery Boutique.
 32694 | D:11     | Identified a scroll of acquirement
 32696 | D:11     | Acquired 977 gold pieces
 32884 | D:6      | Bought the ring "Qoeforph" {rCorr Int+2 Dex+6 Slay-3} for
                  | 482 gold pieces
 33078 | D:12     | Found Soveta's Distillery.
 33234 | D:12     | Found a staircase to the Orcish Mines.
 33811 | D:12     | Found Ytopuc's Book Shoppe.
 33889 | D:12     | Found Tuqiphyg's Antique Weapon Boutique.
 34113 | D:12     | Found Meydigi's Jewellery Shoppe.
 34349 | D:12     | Found Ubbome's General Store.
 34904 | D:13     | Noticed Nessos
 34959 | D:13     | Killed Nessos
 35462 | D:13     | Found Diugh's General Store.
 35472 | D:13     | Identified the +0 robe of Gallantry {rElec rC+ Int-2
                  | Archmagi}
 35488 | D:13     | Noticed Sonja
 35491 | D:13     | Killed Sonja
 35528 | D:13     | Found Lufock's Book Boutique.
 35550 | D:13     | Noticed Rupert
 35606 | D:13     | Killed Rupert
 35768 | D:13     | Found Vafen's Distillery.
 35769 | D:13     | Found Qikkysm's Armour Shoppe.
 35912 | D:13     | Found Fuhahel's Antique Armour Emporium.
 36070 | D:13     | Bought a translucent leather armour for 203 gold pieces
 36070 | D:13     | Identified the +0 leather armour "Zygisaci" {rPois} (You
                  | bought it in a shop on level 13 of the Dungeon)
 36070 | D:13     | Bought a bloodstained robe for 165 gold pieces
 36070 | D:13     | Identified the +2 robe of Dogma {rN+ Will+ Str-5 Dex+2}
                  | (You bought it in a shop on level 13 of the Dungeon)
 36070 | D:13     | Bought a pair of runed boots for 217 gold pieces
 36173 | D:13     | Noticed a reaper
 36185 | D:13     | Killed a reaper
 36634 | Orc:1    | Entered Level 1 of the Orcish Mines
 37098 | Orc:1    | Found Usam's Distillery.
 37276 | Orc:2    | Entered Level 2 of the Orcish Mines
 37439 | Orc:2    | Paralysed by an orc sorcerer for 4 turns
 37674 | D:12     | Bought a manual of Ranged Weapons for 1200 gold pieces
 38096 | D:13     | Reached skill level 1 in Ranged Weapons
 38161 | D:14     | Reached skill level 1 in Armour
 38223 | D:14     | Found an opulent altar of Gozag.
 38260 | D:14     | Reached XP level 15. HP: 123/123 MP: 5/31
 39291 | D:14     | Reached skill level 10 in Conjurations
 39724 | D:14     | Found a gate to the Vaults.
 39871 | D:15     | Entered Level 15 of the Dungeon
 40932 | D:15     | Identified the +9 spear "Quam" {heavy, Int+3}
 41332 | D:15     | Noticed Josephine
 41339 | D:15     | Killed Josephine
 41483 | D:15     | Found a staircase to the Depths.
 41945 | Orc:2    | Found Utoyruko's Self-Improvement Boutique.
 42100 | Orc:2    | Bought a manual of Stealth for 1200 gold pieces
 42237 | Orc:2    | Found a staircase to the Elven Halls.
 42777 | Orc:2    | Gained mutation: You have a pair of large antennae on your
                  | head. (SInv) [demonic ancestry]
 42777 | Orc:2    | Reached XP level 16. HP: 124/132 MP: 33/33
 42985 | Orc:2    | Found Nuuf Muuj's General Store.
 42989 | Orc:2    | Found Uqofopoaso's Weapon Shoppe.
 42991 | Orc:2    | Found Zuimunav's Jewellery Shop.
 43000 | Orc:2    | Found Uhukac's Magic Scroll Emporium.
 43009 | Orc:2    | Bought a scroll of teleportation for 39 gold pieces
 43020 | Orc:2    | Bought a scroll of teleportation for 42 gold pieces
 43399 | Orc:2    | Bought a manual of Shields for 1200 gold pieces
 43646 | Shoals:1 | Entered Level 1 of the Shoals
 44027 | Shoals:2 | Noticed Louise
 44036 | Shoals:2 | Noticed Polyphemus
 44056 | Shoals:1 | Reached skill level 1 in Shields
 45522 | Spider:1 | Entered Level 1 of the Spider Nest
 45928 | Spider:1 | Noticed Mlioglotl
 46102 | Spider:1 | Killed Mlioglotl
 46780 | Spider:2 | Found a transporter.
 46785 | Spider:2 | Noticed Movesim's ghost (adept DjAE)
 46811 | Spider:2 | Found a transporter.
 47371 | Lair:3   | Killed tmcgee265's ghost
 47591 | Lair:3   | Identified the amulet "Oteh" {Faith rElec rF- rC+++}
 47783 | Spider:2 | Reached skill level 10 in Stealth
 48721 | Spider:2 | Reached skill level 5 in Shields
 50578 | Spider:3 | Reached skill level 15 in Earth Magic
 50657 | Spider:4 | Entered Level 4 of the Spider Nest
 50657 | Spider:4 | Identified the serpent talisman of Miracles {Str+3}
 50657 | Spider:4 | Noticed Aizul
 52505 | Shoals:2 | Gained mutation: You are robust. (+10% HP) [demonic
                  | ancestry]
 52505 | Shoals:2 | Reached XP level 17. HP: 133/152 MP: 35/35
 52811 | Shoals:2 | Killed Louise
 52942 | Shoals:2 | Killed Polyphemus
 55572 | Shoals:4 | Entered Level 4 of the Shoals
 56320 | Shoals:4 | Paralysed by a formless jellyfish for 1 turns
 56660 | Shoals:4 | Paralysed by a formless jellyfish for 1 turns
 57128 | Shoals:4 | Got a barnacled rune of Zot
 57200 | Shoals:4 | Noticed Donald
 57226 | Shoals:3 | Killed Donald
 58418 | Shoals:4 | Identified the +6 broad axe of Exeadoxt {venom, rC+ MP-9
                  | Str+4 Dex+7}
 58515 | Shoals:4 | Reached skill level 15 in Fighting
 59021 | Shoals:4 | Reached skill level 15 in Spellcasting
 59293 | Shoals:4 | Reached skill level 10 in Shields
 59558 | Shoals:4 | Identified the +8 sling of Debt {freeze, ^Fragile rF+ rCorr
                  | SInv}
 59939 | Spider:3 | Killed Aizul
 62095 | Spider:3 | Reached XP level 18. HP: 126/163 MP: 18/37
 63905 | Spider:4 | Identified the +4 hand axe "Dragon's Tongue" {antimagic,
                  | Str+2 Int+3}
 65986 | Spider:4 | Got a gossamer rune of Zot
 66432 | Vaults:1 | Entered Level 1 of the Vaults
 66994 | Orc:2    | Bought a manual of Summonings for 1200 gold pieces
 67002 | Orc:2    | Learned a level 7 spell: Spellforged Servitor
 67122 | Vaults:1 | Reached skill level 1 in Summonings
 68229 | Vaults:1 | Reached skill level 5 in Summonings
 68352 | Vaults:1 | Found a runed translucent gate.
 68353 | Vaults:1 | Found a runed translucent gate.
 68353 | Vaults:1 | Noticed Doesme's ghost (adept GnCA)
 68354 | Vaults:1 | Found a runed translucent gate.
 69427 | Vaults:2 | Found a flickering gateway to a bazaar.
 69438 | Vaults:2 | Noticed Nikola
 69442 | Bazaar   | Entered a bazaar
 69747 | Bazaar   | Found Hyatuph's Distillery.
 69752 | Bazaar   | Bought a potion of heal wounds for 65 gold pieces
 69752 | Bazaar   | Bought a potion of heal wounds for 65 gold pieces
 69762 | Bazaar   | Found Heugacri's Armour Emporium.
 69762 | Bazaar   | Found Govver's Magic Scroll Shoppe.
 69784 | Bazaar   | Found Hosim's Book Emporium.
 69784 | Bazaar   | Found Vipsyvid's Antique Weapon Shoppe.
 69806 | Bazaar   | Found Odeorem's Antique Armour Emporium.
 69806 | Bazaar   | Found Peutiyn's Weapon Shoppe.
 69860 | Bazaar   | Bought a manual of Fighting for 1040 gold pieces
 69875 | Bazaar   | Bought a shimmering chain mail for 228 gold pieces
 69875 | Bazaar   | Identified the +1 chain mail "Niuk" {rN+} (You bought it in
                  | a shop in a bazaar)
 69890 | Bazaar   | Bought the Omnibus of Toxicology and the Rocks for 624 gold
                  | pieces
 70105 | Vaults:2 | Identified the amulet "Falaloel" {Faith rF- Str+3 Int+3
                  | Dex+4}
 70868 | Vaults:2 | Gained mutation: You are very robust. (+20% HP) [demonic
                  | ancestry]
 70868 | Vaults:2 | Reached XP level 19. HP: 163/186 MP: 25/38
 71749 | Elf:1    | Entered Level 1 of the Elven Halls
 73517 | Elf:1    | Reached skill level 10 in Summonings
 74182 | Elf:2    | Found a crumbling gateway.
 74310 | Desolati | Entered the Desolation of Salt
 77013 | Desolati | Got Sif Muna's Octavo of Reshaped Snow
 77373 | Desolati | Identified the +8 storm dragon scales of Zayb {-Tele rElec
                  | rCorr Str+5}
 77739 | Desolati | Identified the ring of Ytut {MP+9 Slay+5}
 77774 | Desolati | Identified the ring of the Exiled Hosts {rPois rC+ Stlth+}
 78385 | Desolati | Got the Atlas of Embers and Orogeny
 78424 | Desolati | Reached skill level 15 in Conjurations
 78425 | Desolati | Identified the ring of Wivuor {Wiz rPois rF+ Dex-3}
 78683 | Desolati | Gained mutation: A meltable icy envelope protects you from
                  | harm. (AC +0) [demonic ancestry]
 78683 | Desolati | Reached XP level 20. HP: 206/206 MP: 20/39
 79287 | Desolati | Got Ycafetu's Essays on Calling
 79292 | Desolati | Got the Anthology of Power
 79302 | Desolati | Glimpsed the power of Zot.
 79871 | Elf:2    | Found a huge runed translucent gate.
 79871 | Elf:2    | Found a huge runed translucent gate.
 79871 | Elf:2    | Found a huge runed translucent gate.
 79871 | Elf:2    | Found a huge runed translucent gate.
 79871 | Elf:2    | Found a huge runed translucent gate.
 80017 | Elf:2    | Found a portal to a secret trove of treasure.
 80270 | Elf:3    | Entered Level 3 of the Elven Halls
 80887 | Elf:3    | Found Ponadghuj's Armour Shop.
 81230 | Elf:3    | Identified the +6 lajatang of Objectivity {distort, rC+
                  | Int+3 Dex+3}
 81245 | Elf:3    | Reached skill level 15 in Stealth
 81531 | Elf:3    | Identified the ring "Pusypaph" {+Blink rC+ Will+ Str+2
                  | Int+6}
 81553 | Elf:3    | Identified the +6 dagger of Wu Jian's Hatred {flame, rPois
                  | rF+ Dex+4 Stlth-}
 81806 | Elf:3    | Identified the +11 hand axe "Giantbane" {freeze, Dex+3}
 82575 | Elf:3    | Identified the ring of Qaoruat {rPois Int+2}
 82987 | Elf:3    | Identified the +11 glaive "Xuarutev" {flame, ^Fragile rF+
                  | Str+5}
 83093 | Elf:3    | Identified the +0 scimitar of Severance {flame, rC+}
 83202 | Elf:3    | Reached skill level 15 in Summonings
 84101 | Elf:3    | Identified the +0 ring mail of Marbles {rPois Str+2 Int+2}
 84667 | Elf:3    | Acquired 1113 gold pieces
 85107 | Vaults:2 | Noticed Asterion
 85120 | Vaults:2 | Killed Asterion
 85723 | Vaults:2 | Noticed Boris
 85730 | Vaults:2 | Killed Boris
 85991 | Vaults:2 | Killed Nikola
 86721 | Vaults:2 | Found Nujuge's Jewellery Emporium.
 86975 | Vaults:2 | Found a staircase to the Crypt.
 86975 | Vaults:2 | Found an ancient bone altar of Kikubaaqudgha.
 86976 | Vaults:2 | Found a basalt altar of Yredelemnul.
 87117 | Vaults:2 | Gained mutation: You are extremely robust. (+30% HP)
                  | [demonic ancestry]
 87117 | Vaults:2 | Reached XP level 21. HP: 199/234 MP: 32/40
 88874 | Vaults:3 | Found Podghuhi's Assorted Antiques.
 89347 | Vaults:3 | Identified the ring of Desm {rPois rF+ rCorr Int+5 Dex+3}
 90301 | Vaults:3 | Found a runed translucent gate.
 90301 | Vaults:3 | Found a runed translucent gate.
 90301 | Vaults:3 | Noticed Qecvurom's ghost (adept DrRe)
 90302 | Vaults:3 | Found a runed translucent gate.
 91176 | Vaults:3 | Killed Qecvurom's ghost
 91459 | Vaults:3 | Identified the -1 pair of gloves of Teoggul {Harm Stlth+}
 91921 | Vaults:4 | Noticed a golden dragon
 91928 | Vaults:4 | Killed a golden dragon
 92249 | Vaults:4 | Found Xuypac's Magic Scroll Boutique.
 92282 | Vaults:4 | Found Buseanou's General Store.
 92345 | Vaults:4 | Bought a scroll of teleportation for 42 gold pieces
 92345 | Vaults:4 | Bought a scroll of fear for 56 gold pieces
 92345 | Vaults:4 | Bought a potion of curing for 42 gold pieces
 92577 | Vaults:4 | Noticed Boris
 92592 | Vaults:4 | Killed Boris
 93383 | Vaults:4 | Found Baesotoe's Book Boutique.
 93395 | Vaults:4 | Found Feittav's Distillery.
 93401 | Vaults:4 | Bought a potion of berserk rage for 55 gold pieces
 94158 | Vaults:1 | Killed Doesme's ghost
 94440 | Depths:1 | Entered Level 1 of the Depths
 94606 | D:15     | Upgraded the game from 0.32-a0-17-gb74e046682 to
                  | 0.32-a0-18-g89e19f1974
 94615 | D:15     | Learned a level 8 spell: Lehudib's Crystal Spear
 94857 | Vaults:3 | Bought a jewelled morningstar for 333 gold pieces
 94857 | Vaults:3 | Identified the +3 morningstar "Hiocutwa" {heavy, +Blink}
                  | (You bought it in a shop on level 3 of the Vaults)
 94857 | Vaults:3 | Bought a scroll of fear for 148 gold pieces
 94857 | Vaults:3 | Bought a potion of heal wounds for 185 gold pieces
 94857 | Vaults:3 | Bought a potion of heal wounds for 185 gold pieces
 94857 | Vaults:3 | Bought a potion of mutation for 296 gold pieces
 95468 | Crypt:1  | Entered Level 1 of the Crypt
 95880 | Crypt:1  | Noticed an ancient lich
 95886 | Crypt:1  | Killed an ancient lich
 95887 | Crypt:1  | Gained mutation: You are completely covered in thin
                  | metallic scales. (AC +4, rElec) [demonic ancestry]
 95887 | Crypt:1  | Reached XP level 22. HP: 248/248 MP: 29/42
 96256 | Crypt:1  | Identified the +0 kite shield of Resel {^Drain rPois MP+9
                  | Slay+5}
 99272 | Crypt:3  | Entered Level 3 of the Crypt
 99837 | Crypt:3  | Found an ancient bone altar of Kikubaaqudgha.
100790 | Crypt:3  | Found the +3 pair of gauntlets of War {Slay+5}
100872 | Crypt:3  | Got Rywnam's Atlas of Maleficent Deeds
101267 | Crypt:3  | Found a staircase to the Tomb.
101267 | Crypt:3  | Noticed an ancient lich
101281 | Crypt:3  | Killed an ancient lich
102393 | D:15     | Bought an ichor-stained ring mail for 270 gold pieces
102393 | D:15     | Identified the +1 ring mail of Undesirable Species {Rampage
                  | *Slow Dex+5 Slay+3} (You bought it in a shop on level 15 of
                  | the Dungeon)
102393 | D:15     | Bought a pair of glowing boots for 225 gold pieces
102397 | D:15     | Bought a pair of faintly humming gloves for 342 gold pieces
102397 | D:15     | Identified the +0 pair of gloves of Rationality {-Cast
                  | Slay+5 Stlth+} (You bought it in a shop on level 15 of the
                  | Dungeon)
103547 | Depths:1 | Gained mutation: You regenerate a lot of health from kills.
                  | [demonic ancestry]
103547 | Depths:1 | Reached XP level 23. HP: 266/266 MP: 32/45
103617 | Depths:1 | Found a one-way gateway to a ziggurat.
103933 | Depths:1 | Found a gateway to Hell.
104039 | Depths:1 | Found a sparkling altar of Nemelex Xobeh.
104756 | Depths:2 | Found a one-way gate leading to the halls of Pandemonium.
104758 | Depths:2 | Found a one-way gate to the infinite horrors of the Abyss.
105098 | Depths:2 | Found a sacrificial altar of Ru.
105098 | Depths:2 | Found a sparkling altar of Nemelex Xobeh.
106284 | Depths:2 | Noticed a caustic shrike
106301 | Depths:2 | Killed a caustic shrike
107335 | Depths:2 | Noticed a caustic shrike
107352 | Depths:2 | Killed a caustic shrike
107354 | Depths:2 | Noticed a caustic shrike
107361 | Depths:2 | Killed a caustic shrike
107730 | Depths:2 | Got the Notes on Spelunking and Sparks
107735 | Depths:2 | Identified the +9 bardiche "Leviticus" {holy, Str+2}
107750 | Depths:2 | Identified the +5 bardiche of Awaipraa {freeze, rN+ Dex+2}
107910 | Depths:2 | Learned a level 9 spell: Shatter
107951 | Depths:3 | Noticed Mara
108062 | Depths:3 | Killed Mara
108532 | Depths:3 | Identified the ring "Gythrace" {rPois Will+ Str+2 Dex+6}
108659 | Depths:3 | Noticed a caustic shrike
108664 | Depths:3 | Killed a caustic shrike
108793 | Depths:3 | Reached XP level 24. HP: 278/282 MP: 27/46
108989 | Depths:3 | Found Quimm's Magic Scroll Emporium.
108994 | Depths:3 | Found Wuonot's Armour Emporium.
109235 | Depths:3 | Identified the ring of Kicizx Wock {rF- rC- Str+7 Dex+6}
109289 | Depths:3 | Identified the ring "Plog" {rPois Dex+4 SInv}
109432 | Depths:3 | Identified the ring of Eledu Oloa {+Blink Will+++ Str-3
                  | Int+3 Dex+6}
109567 | Depths:3 | Identified the ring of Attitude {Will+ Dex+4}
110110 | Depths:3 | Found a shadowy altar of Dithmenos.
110216 | Depths:4 | Entered Level 4 of the Depths
110504 | Depths:4 | Noticed Jory
110515 | Depths:4 | Killed Jory
110572 | Depths:4 | Found Poowujul's Jewellery Emporium.
110937 | Depths:4 | Found a transporter.
110939 | Depths:4 | Found Riginyuj's Magic Scroll Boutique.
111023 | Depths:4 | Found a transporter.
111258 | Depths:4 | Found Ceomeunk's Distillery.
111303 | Depths:4 | Noticed a juggernaut
111309 | Depths:4 | Killed a juggernaut
111981 | Depths:4 | Found a gate to the Realm of Zot.
112164 | Depths:4 | Found Migy's Jewellery Shop.
112226 | Depths:4 | Identified the +10 halberd of Iriob {freeze, ^Contam rF+
                  | rN+++}
112412 | Depths:4 | Found Aniydghas's Armour Shoppe.
113051 | Vaults:5 | Entered Level 5 of the Vaults
113059 | Vaults:5 | Noticed an ancient lich
114366 | Vaults:5 | Acquired the amulet of Kegead {rN+ Will- Regen+ Int+5
                  | Slay+3}
114394 | Vaults:5 | Killed an ancient lich
114651 | Vaults:5 | Noticed a dread lich
114656 | Vaults:5 | Killed a dread lich
114657 | Vaults:5 | Reached XP level 25. HP: 275/289 MP: 24/47
115140 | Vaults:5 | Identified the +0 chain mail of the Devil's Advocate
                  | {^Contam Regen+ Dex+2}
115484 | Vaults:5 | Identified the ring "Ihoelal" {Ice ^Contam Fly Str+7}
116245 | Vaults:5 | Noticed a dread lich
116297 | Vaults:5 | Killed a dread lich
117221 | Vaults:5 | Identified the +0 pair of boots "Aclikig" {Rampage Dex+6
                  | Slay-2}
117468 | Vaults:5 | Got a silver rune of Zot
117551 | Vaults:5 | Acquired the +4 pair of gloves of Cailann {Rampage rN+
                  | Dex+3}
118207 | Zot:1    | Entered Level 1 of the Realm of Zot
121495 | Zot:2    | Identified the +3 hand axe "Giwk" {speed, rN+ Dex+4}
121983 | Zot:3    | Noticed an orb of fire
122011 | Zot:3    | Killed an orb of fire
122012 | Zot:3    | Reached XP level 26. HP: 296/300 MP: 37/48
123332 | Zot:3    | Noticed an orb of fire
123340 | Zot:3    | Killed an orb of fire
123981 | Zot:3    | Identified the +0 helmet of Knowledge {-Tele rN++ MP+9
                  | Int-5}
126997 | Zot:5    | Entered Level 5 of the Realm of Zot
127266 | Zot:5    | Noticed an ancient lich
127268 | Zot:5    | Killed an ancient lich
127508 | Zot:5    | Noticed an ancient lich
127510 | Zot:5    | Killed an ancient lich
127915 | Zot:5    | Reached XP level 27. HP: 312/312 MP: 42/49
127964 | Zot:5    | Noticed a dread lich
127967 | Zot:5    | Killed a dread lich
128145 | Zot:5    | Noticed an orb of fire
128153 | Zot:5    | Killed an orb of fire
128401 | Zot:5    | Noticed an orb of fire
128496 | Zot:5    | Noticed a dread lich
128499 | Zot:5    | Killed an orb of fire
128502 | Zot:5    | Killed a dread lich
129097 | Zot:5    | Noticed an orb of fire
129303 | Zot:5    | Killed an orb of fire
130032 | Hell     | Entered the Vestibule of Hell
130032 | Hell     | Noticed Geryon
130310 | Hell     | Killed Geryon
130565 | Hell     | Gained mutation: Your magical capacity is low. (-10% MP) [a
                  | cacodemon]
130643 | Hell     | Found a gateway to the Iron City of Dis.
130750 | Hell     | Found a gateway to the ashen valley of Gehenna.
130993 | Hell     | Found a gateway to the decaying netherworld of Tartarus.
131057 | Hell     | Found a gateway to the freezing wastes of Cocytus.
131770 | Orc:1    | Bought a potion of curing for 51 gold pieces
131770 | Orc:1    | Bought a potion of curing for 51 gold pieces
131770 | Orc:1    | Bought a potion of curing for 51 gold pieces
131770 | Orc:1    | Bought a potion of mutation for 136 gold pieces
131770 | Orc:1    | Bought a potion of curing for 51 gold pieces
131774 | Orc:1    | Bought the +0 toga "Victory" {*Victory Clar} for 2940 gold
                  | pieces
131774 | Orc:1    | Found the +0 toga "Victory" {*Victory Clar}
132391 | Slime:1  | Entered Level 1 of the Pits of Slime
135111 | Slime:4  | Gained mutation: You are dopey. (Int -2) [a shining eye]
135293 | Slime:5  | Entered Level 5 of the Pits of Slime
135305 | Slime:5  | Gained mutation: Your body sometimes deteriorates upon
                  | taking damage. [a shining eye]
135393 | Slime:5  | Reached skill level 5 in Armour
135543 | Slime:5  | Noticed the Royal Jelly
137600 | Slime:5  | Found a viscous altar of Jiyva.
137702 | Slime:5  | Found the +4 consecrated labrys {holy, Valiant ^Fragile Fly
                  | SInv}
137731 | Slime:5  | Killed the Royal Jelly
138025 | Slime:5  | Identified the +4 halberd of Xaidd {chaos, Int+3}
138031 | Slime:5  | Got the Volume of the Crucible and the Dragon
138046 | Slime:5  | Identified the staff of Qaotud {Will+ Str+2 Int+2 Conj}
138049 | Slime:5  | Identified the +4 broad axe of Cobwebs {flame, rF+ rCorr}
138084 | Slime:5  | Got the Secrets of the Charnel Blizzard
138086 | Slime:5  | Got Kixupa's Dissertation on Ashen Summoning
138102 | Slime:5  | Got Anutosk's Disquisition on the Unified Sky
138104 | Slime:5  | Identified the ring "Qahol" {*Corrode rPois rF+ rC+ Dex+6}
138105 | Slime:5  | Identified the +0 scimitar of the Wraith {freeze, rPois
                  | Will- Dex+3}
138172 | Slime:5  | Identified the +10 mace "Secukhlop" {antimagic, rN++ Will-
                  | Dex+4}
138185 | Slime:5  | Got a slimy rune of Zot
138278 | Slime:5  | Gained mutation: You possess an exceptional clarity of
                  | mind. [a shining eye]
138281 | Slime:5  | Gained mutation: You occasionally lose the ability to drink
                  | potions when taking damage. [a shining eye]
140090 | Coc:1    | Entered Level 1 of Cocytus
141116 | Coc:2    | You fall into a shaft and drop 1 floor!
141352 | Coc:3    | Reached skill level 10 in Dodging
142016 | Coc:4    | Noticed an ancient lich
142024 | Coc:4    | Killed an ancient lich
143174 | Coc:6    | Paralysed by a wendigo for 1 turns
143760 | Coc:7    | Entered Level 7 of Cocytus
144541 | Coc:7    | Reached skill level 27 in Fighting
146617 | Coc:7    | Identified the +5 mace of Dim Light {protect, rPois rC++
                  | Int-5}
146617 | Coc:7    | Noticed Antaeus
146656 | Coc:7    | Found the +3 hat of Pondering {ponderous, Will+ MP+10
                  | Int+5}
146674 | Coc:7    | Killed Antaeus
146759 | Coc:7    | Identified the ring of Hoav Tae {rPois rN+}
146764 | Coc:7    | Identified the +4 whip of the Desert {pain, Int+2}
146805 | Coc:7    | Identified the +2 robe "Zyonilog" {Harm Dex+3}
146877 | Coc:7    | Got an icy rune of Zot
147440 | D:13     | Bought a potion of mutation for 144 gold pieces
147440 | D:13     | Bought 2 potions of heal wounds for 180 gold pieces
147440 | D:13     | Bought a potion of haste for 180 gold pieces
147440 | D:13     | Bought a potion of haste for 180 gold pieces
147440 | D:13     | Bought 2 potions of haste for 360 gold pieces
147495 | D:12     | Bought a potion of mutation for 128 gold pieces
147778 | Vaults:4 | Bought a potion of mutation for 88 gold pieces
148269 | Dis:1    | Entered Level 1 of the Iron City of Dis
150675 | Dis:5    | Reached skill level 27 in Spellcasting
151254 | Dis:5    | Learned a level 5 spell: Irradiate
151633 | Dis:7    | Entered Level 7 of the Iron City of Dis
151918 | Dis:7    | Noticed a juggernaut
151924 | Dis:7    | Killed a juggernaut
152168 | Dis:7    | Reached skill level 5 in Ranged Weapons
152544 | Dis:7    | Noticed a juggernaut
152546 | Dis:7    | Killed a juggernaut
152640 | Dis:7    | Reached skill level 10 in Ranged Weapons
152665 | Dis:7    | Reached skill level 1 in Evocations
153743 | Dis:7    | Reached skill level 5 in Evocations
154213 | Dis:7    | Noticed a juggernaut
154224 | Dis:7    | Killed a juggernaut
154747 | Dis:7    | Identified the ring "Rofog" {Wiz Will+}
154747 | Dis:7    | Noticed Dispater
154754 | Dis:7    | Killed Dispater
154968 | Dis:7    | Got an iron rune of Zot
154973 | Dis:7    | Identified the amulet of Befiatt {rElec rF+ Will+ Regen+}
155223 | Dis:7    | Identified the +6 mace "Undertaker" {holy, rPois rF+ MP+9}
155225 | Dis:7    | Identified the ring of Zohadu {Str+5 Int-3 Slay+4}
156191 | Pan      | Entered Pandemonium
156206 | Pan      | Got the Compendium of the Charged Xenolith
156571 | Pan      | Reached skill level 1 in Shapeshifting
157480 | Pan      | Noticed Sabotwoyry the pandemonium lord
157487 | Pan      | Killed Sabotwoyry the pandemonium lord
158396 | Pan      | Reached skill level 10 in Evocations
158896 | Pan      | Reached skill level 5 in Shapeshifting
159825 | Pan      | Gained mutation: Your body often deteriorates upon taking
                  | damage. [a cacodemon]
159969 | Pan      | Noticed Boizax the pandemonium lord
159989 | Pan      | Killed Boizax the pandemonium lord
161935 | Pan      | Entered the realm of Gloorx Vloq.
164235 | Pan      | Noticed Gloorx Vloq
164408 | Pan      | Killed Gloorx Vloq
164595 | Pan      | Got a dark rune of Zot
165091 | Pan      | Reached skill level 10 in Shapeshifting
166577 | Pan      | Noticed Ratz the pandemonium lord
166595 | Pan      | Killed Ratz the pandemonium lord
166595 | Pan      | Gained mutation: You are clumsy. (Dex -2) [a neqoxec]
167760 | Pan      | Got a demonic rune of Zot
168454 | Pan      | Reached skill level 27 in Earth Magic
169689 | Pan      | Found an exit through the horrors of the Abyss.
170511 | Pan      | Noticed Cossupavoll the pandemonium lord
170519 | Pan      | Killed Cossupavoll the pandemonium lord
173196 | Pan      | Noticed Kadgher the pandemonium lord
173201 | Pan      | Killed Kadgher the pandemonium lord
173352 | Pan      | Reached skill level 15 in Shapeshifting
173866 | Pan      | Found an exit through the horrors of the Abyss.
174183 | Pan      | Noticed Ovingu the pandemonium lord
174228 | Pan      | Killed Ovingu the pandemonium lord
174930 | Pan      | Upgraded the game from 0.32-a0-18-g89e19f1974 to
                  | 0.32-a0-20-ge526923d97
175009 | Pan      | Noticed Amasaiw the pandemonium lord
175012 | Pan      | Killed Amasaiw the pandemonium lord
177518 | Pan      | Upgraded the game from 0.32-a0-20-ge526923d97 to
                  | 0.32-a0-22-g6ae6769602
177791 | Pan      | Found a runed translucent door.
177793 | Pan      | Noticed Soxuit the pandemonium lord
178094 | Pan      | Killed Soxuit the pandemonium lord
180156 | Pan      | Identified the +7 falchion of Qoewup {pain, Str+4 Int+3
                  | Dex+3}
180193 | Pan      | Noticed Duge Wevuhi the pandemonium lord
180213 | Pan      | Killed Duge Wevuhi the pandemonium lord
181771 | Pan      | Noticed Buamum the pandemonium lord
181778 | Pan      | Killed Buamum the pandemonium lord
182036 | Pan      | Found an exit through the horrors of the Abyss.
183042 | Pan      | Noticed Sioci the pandemonium lord
183054 | Pan      | Killed Sioci the pandemonium lord
183387 | Pan      | Found an exit through the horrors of the Abyss.
184275 | Pan      | Found an exit through the horrors of the Abyss.
184305 | Pan      | Noticed Caoczo the pandemonium lord
184310 | Pan      | Killed Caoczo the pandemonium lord
186565 | Pan      | Noticed Todecof the pandemonium lord
186578 | Pan      | Killed Todecof the pandemonium lord
188155 | Pan      | Found a transporter.
188377 | Pan      | Found a transporter.
188425 | Pan      | Found an exit through the horrors of the Abyss.
189481 | Pan      | Identified the ring of the Harvest {rF++ Str+6 Int+6}
189616 | Pan      | Identified the ring of Asylac {rElec rC+ rN+ Int+6 Dex+3}
189972 | Pan      | Identified the +10 battleaxe of Unpleasantness {protect,
                  | Stlth+}
190031 | Pan      | Acquired a book of the Spheres
190068 | Pan      | Lost mutation: Your magical capacity is low. (-10% MP)
                  | [potion of mutation]
190068 | Pan      | Lost mutation: Your body often deteriorates upon taking
                  | damage. [potion of mutation]
190068 | Pan      | Gained mutation: You sometimes lose the ability to drink
                  | potions when taking damage. [potion of mutation]
190068 | Pan      | Gained mutation: You have hidden genetic potential. [potion
                  | of mutation]
190068 | Pan      | Gained mutation: Your spells are a little harder to cast,
                  | but a little more powerful. [potion of mutation]
190069 | Pan      | Lost mutation: You are clumsy. (Dex -2) [potion of
                  | mutation]
190069 | Pan      | Lost mutation: You possess an exceptional clarity of mind.
                  | [potion of mutation]
190069 | Pan      | Gained mutation: Your natural rate of healing is unusually
                  | fast. [potion of mutation]
190070 | Pan      | Lost mutation: Your natural rate of healing is unusually
                  | fast. [potion of mutation]
190070 | Pan      | Lost mutation: You are dopey. (Int -2) [potion of mutation]
190070 | Pan      | Gained mutation: You are agile. (Dex +4, Str/Int -1)
                  | [potion of mutation]
190070 | Pan      | Lost mutation: Your spells are a little harder to cast, but
                  | a little more powerful. [potion of mutation]
190070 | Pan      | Gained mutation: Your muscles are strong. (Str +4, Int/Dex
                  | -1) [potion of mutation]
190071 | Pan      | Lost mutation: You have hidden genetic potential. [potion
                  | of mutation]
190071 | Pan      | Lost mutation: You are agile. (Dex +4, Str/Int -1) [potion
                  | of mutation]
190071 | Pan      | Lost mutation: Your body sometimes deteriorates upon taking
                  | damage. [potion of mutation]
190071 | Pan      | Gained mutation: Your natural rate of healing is unusually
                  | fast. [potion of mutation]
190071 | Pan      | Gained mutation: Your system is resistant to poisons.
                  | (rPois) [potion of mutation]
190072 | Pan      | Lost mutation: You sometimes lose the ability to drink
                  | potions when taking damage. [potion of mutation]
190072 | Pan      | Lost mutation: Your muscles are strong. (Str +4, Int/Dex
                  | -1) [potion of mutation]
190072 | Pan      | Lost mutation: You occasionally lose the ability to drink
                  | potions when taking damage. [potion of mutation]
190072 | Pan      | Gained mutation: Your flesh is cold resistant. (rC+)
                  | [potion of mutation]
190072 | Pan      | Gained mutation: You are weak. (Str -2) [potion of
                  | mutation]
190072 | Pan      | Gained mutation: You heal very quickly. [potion of
                  | mutation]
190072 | Pan      | Gained mutation: Your mind is acute. (Int +4, Str/Dex -1)
                  | [potion of mutation]
190073 | Pan      | Lost mutation: Your system is resistant to poisons. (rPois)
                  | [potion of mutation]
190073 | Pan      | Lost mutation: You are weak. (Str -2) [potion of mutation]
190073 | Pan      | Lost mutation: Your flesh is cold resistant. (rC+) [potion
                  | of mutation]
190073 | Pan      | Gained mutation: You expend magic power (3 MP) to
                  | strengthen your wands. [potion of mutation]
190073 | Pan      | Gained mutation: Your muscles are strong. (Str +4, Int/Dex
                  | -1) [potion of mutation]
190073 | Pan      | Gained mutation: You are strong-willed. (Will+) [potion of
                  | mutation]
190171 | Pan      | Found an exit through the horrors of the Abyss.
191637 | Pan      | Entered the realm of Cerebov.
191683 | Pan      | Identified the ring "Alatte Ihon" {rF+ rC+ AC+4 SInv
                  | Stlth-}
191713 | Pan      | Identified the +4 short sword "Atiel" {vamp, rC++ rCorr}
191716 | Pan      | Identified the ring of Heiryx Jiobb {rC++ Str+3 Dex+6
                  | Slay-3}
191799 | Pan      | Identified the +6 glaive of Iplownal {freeze, Will+ Int+4
                  | SInv}
191864 | Pan      | Identified the ring of Incredulity {rF+ rCorr MP+9 Dex+6}
191922 | Pan      | Got the Vellum of the Badger
192014 | Pan      | Found the +6 sword of Cerebov {flame}
192014 | Pan      | Noticed Cerebov
192027 | Pan      | Reached skill level 10 in Armour
192191 | Pan      | Reached skill level 15 in Shields
192431 | Pan      | Killed Cerebov
192683 | Pan      | Got a fiery rune of Zot
194174 | Pan      | Reached skill level 15 in Dodging
194574 | Pan      | Entered the realm of Mnoleg.
194595 | Pan      | Noticed Mnoleg
194616 | Pan      | Killed Mnoleg
195992 | Pan      | Got a glowing rune of Zot
197022 | Pan      | Entered the realm of Lom Lobon.
197022 | Pan      | Noticed Lom Lobon
197035 | Pan      | Killed Lom Lobon
197119 | Pan      | Got a magical rune of Zot
198455 | Depths:2 | Escaped Pandemonium
199923 | Tar:1    | Entered Level 1 of Tartarus
199948 | Tar:1    | Noticed a dread lich
199948 | Tar:1    | Noticed a royal mummy
199949 | Tar:1    | Killed a dread lich
199949 | Tar:1    | Noticed a dread lich
199960 | Tar:1    | Killed a royal mummy
199987 | Tar:1    | Killed a dread lich
200776 | Tar:2    | Noticed an ancient lich
200780 | Tar:2    | Killed an ancient lich
202774 | Tar:5    | Learned a level 8 spell: Ignition
202838 | Tar:5    | Reached skill level 1 in Fire Magic
203772 | Tar:7    | Entered Level 7 of Tartarus
204479 | Tar:7    | Found the +2 shield of Resistance {rF++ rC++ Will++}
204481 | Tar:7    | Identified the amulet "Peph" {Faith Rampage rPois Int-4}
204562 | Tar:7    | Noticed an ancient lich
204578 | Tar:7    | Killed an ancient lich
204579 | Tar:7    | Reached skill level 5 in Fire Magic
204691 | Tar:7    | Noticed an ancient lich
204702 | Tar:7    | Killed an ancient lich
205566 | Tar:7    | Reached skill level 10 in Fire Magic
206047 | Tar:7    | Identified the staff of the Jolly Continents {rElec Will+
                  | Tloc Air Earth}
206048 | Tar:7    | Identified the +10 war axe of Honour {freeze, rN++ Int-5
                  | Dex+2 SInv}
206086 | Tar:7    | Identified the +13 plate armour "Tanuclov" {^Drain Str+3
                  | Int+5}
206087 | Tar:7    | Identified the +9 scale mail "Zogufet" {rPois rN+ Slay+3}
206192 | Tar:7    | Noticed a dread lich
206198 | Tar:7    | Killed a dread lich
206286 | Tar:7    | Noticed Ereshkigal
206350 | Tar:7    | Killed Ereshkigal
206452 | Tar:7    | Got a bone rune of Zot
207114 | Tar:7    | Found the ring of the Tortoise {AC+8}
207117 | Tar:7    | Identified the +10 spear of Ockenwih {flame, rC+ Str-5
                  | Int+3}
207124 | Tar:7    | Identified the +4 falchion of Dishonesty {drain, *Rage
                  | Str+5}
207205 | Tar:7    | Got the Codex of Command
208087 | Orc:1    | Bought a runed cloak for 367 gold pieces
208087 | Orc:1    | Bought a pair of runed gloves for 367 gold pieces
208500 | Geh:1    | Entered Level 1 of Gehenna
208503 | Geh:1    | You fall into a shaft and drop 1 floor!
208935 | Geh:3    | Noticed an ancient lich
208935 | Geh:3    | Noticed an ancient lich
208935 | Geh:3    | Noticed a dread lich
208935 | Geh:3    | Noticed a dread lich
208936 | Geh:3    | Killed an ancient lich
208936 | Geh:3    | Killed a dread lich
208937 | Geh:3    | Killed an ancient lich
208937 | Geh:3    | Killed a dread lich
208937 | Geh:3    | Killed an ancient lich
208937 | Geh:3    | Noticed an ancient lich
208938 | Geh:3    | Reached skill level 15 in Fire Magic
208940 | Geh:3    | Killed an ancient lich
209638 | Geh:4    | Noticed a dread lich
209655 | Geh:4    | Killed a dread lich
209946 | Geh:4    | Noticed an ancient lich
209949 | Geh:4    | Killed an ancient lich
210959 | Geh:7    | Entered Level 7 of Gehenna
211681 | Geh:7    | Noticed the Serpent of Hell
211715 | Geh:7    | Killed the Serpent of Hell
212602 | Geh:7    | Identified the ring "Zymiseig" {Ice rElec rCorr Str+4}
212688 | Geh:7    | Found the +13 sceptre of Asmodeus
212688 | Geh:7    | Noticed Asmodeus
212697 | Geh:7    | Killed Asmodeus
212792 | Geh:7    | Identified the +0 glaive of Coro {pain, rPois rN+ Stlth+}
212810 | Geh:7    | Got an obsidian rune of Zot
212817 | Geh:7    | Identified the scarf of Anarchy {+Inv, Dex+4}
212819 | Geh:7    | Got the Volume of Forces
212823 | Geh:7    | Identified the +1 scale mail of Good Intentions {Will-
                  | Str+3 Int+5}
212961 | Geh:7    | Identified the +0 robe "Ojialos" {Int+3 Dex+4}
213857 | Hell     | Learned a level 9 spell: Chain Lightning
213978 | Depths:2 | Voluntarily entered the Abyss.
213982 | Abyss:1  | Reached skill level 1 in Air Magic
214261 | Abyss:1  | Noticed an ancient lich
214312 | Abyss:1  | Reached skill level 5 in Air Magic
214322 | Abyss:2  | Found a corrupted altar of Lugonu.
214695 | Abyss:2  | Killed an ancient lich
215037 | Abyss:2  | Found a corrupted altar of Lugonu.
215100 | Abyss:2  | Found a corrupted altar of Lugonu.
215141 | Abyss:2  | Reached skill level 10 in Air Magic
215213 | Abyss:3  | Found a corrupted altar of Lugonu.
215217 | Abyss:3  | Found a corrupted altar of Lugonu.
215280 | Abyss:3  | Got an abyssal rune of Zot
215284 | Depths:2 | Escaped the Abyss
215751 | Zig:1    | Entered Level 1 of a ziggurat
215816 | Zig:2    | Entered Level 2 of a ziggurat
215869 | Zig:3    | Entered Level 3 of a ziggurat
215872 | Zig:3    | Noticed Kuahut the pandemonium lord
215872 | Zig:3    | Found the +8 trishula "Condemnation" {holy, anguish, *Noise
                  | Fly rN+}
215878 | Zig:3    | Killed Kuahut the pandemonium lord
215944 | Zig:4    | Entered Level 4 of a ziggurat
215971 | Zig:4    | Identified the +9 dire flail of the Immovable Queens
                  | {spect, rPois rF+ Int-3 Dex+5}
215992 | Zig:5    | Entered Level 5 of a ziggurat
215997 | Zig:5    | Noticed a dread lich
216000 | Zig:5    | Killed a dread lich
216030 | Zig:5    | Identified the ring "Cimyiha" {rElec rN+ Slay+4}
216048 | Zig:6    | Entered Level 6 of a ziggurat
216128 | Zig:6    | Identified the +1 robe of the Furrier {rPois Regen+ Str+5
                  | Dex-5}
216130 | Zig:6    | Identified the ring "Rawanuk" {rN+ Int+5}
216137 | Zig:6    | Identified the ring "Tetruhuo" {Fire +Blink}
216157 | Zig:7    | Entered Level 7 of a ziggurat
216227 | Zig:7    | Identified the +1 mace "Fues" {flame, rElec rN+ Will-
                  | Dex+4}
216256 | Zig:8    | Entered Level 8 of a ziggurat
216362 | Zig:9    | Entered Level 9 of a ziggurat
216446 | Zig:9    | Found the +3 crown of Dyrovepreva {rElec Int+2 SInv}
216485 | Zig:9    | Identified the ring of Libue {rF+ Will+}
216530 | Zig:10   | Entered Level 10 of a ziggurat
216612 | Zig:10   | Identified the ring of Fiuddot {rPois rC+ rN+ Str-2 Dex+2}
216675 | Zig:11   | Entered Level 11 of a ziggurat
216834 | Zig:12   | Entered Level 12 of a ziggurat
216843 | Zig:12   | Noticed an ancient lich
216846 | Zig:12   | Killed an ancient lich
216942 | Zig:12   | Got the Information on the Displaced Catalyst
216951 | Zig:12   | Identified the amulet of Heptua {Reflect rF+ Str+3 Int+4
                  | SH+5}
216956 | Zig:12   | Identified the +8 quarterstaff of Evisceration {flame,
                  | rElec Will- Str-2 Int+6}
217003 | Zig:13   | Entered Level 13 of a ziggurat
217098 | Zig:13   | Identified the ring "Jaozenup" {Fly rF- rC+ Will+ Str+6}
217100 | Zig:13   | Got Sif Muna's Tome of Conflagration
217153 | Zig:14   | Entered Level 14 of a ziggurat
217312 | Zig:14   | Identified the +5 glaive "Feqe" {venom, rN+ Str-2 Int+4
                  | Dex+2}
217320 | Zig:14   | Identified the +5 fire dragon scales of the Sturgeon {rF++
                  | rC- Int+5}
217384 | Zig:15   | Entered Level 15 of a ziggurat
217506 | Zig:15   | Found the +5 Lochaber axe {reach-cleave, Poleaxe ^Drain}
217555 | Zig:15   | Identified the +0 ring mail of Privacy {rElec rCorr Dex-2
                  | Slay-6}
217571 | Zig:15   | Got the Tome of Nightshade and Beckoning
217622 | Zig:16   | Entered Level 16 of a ziggurat
217780 | Zig:16   | Identified the +11 dagger of Ymirego {elec, Int+4}
217781 | Zig:16   | Identified the amulet of Happiness {Spirit Int+3}
217790 | Zig:16   | Got the Grimoire of Grit and Unhallowed Rituals
217795 | Zig:16   | Identified the +5 scale mail of the Black Moon {rN+ Int+4
                  | Slay-6 Stlth+}
217801 | Zig:16   | Identified the ring "Sirep" {rN+ rCorr}
217858 | Zig:17   | Entered Level 17 of a ziggurat
217982 | Zig:17   | Identified the +7 morningstar of Locus Delicti {heavy,
                  | Dex+3}
217992 | Zig:17   | Identified the staff of Asiawy {Str+3 Earth}
218071 | Zig:18   | Entered Level 18 of a ziggurat
218084 | Zig:18   | Noticed an ancient lich
218084 | Zig:18   | Noticed an ancient lich
218085 | Zig:18   | Noticed an ancient lich
218091 | Zig:18   | Killed an ancient lich
218091 | Zig:18   | Killed an ancient lich
218091 | Zig:18   | Killed an ancient lich
218094 | Zig:18   | Noticed a dread lich
218119 | Zig:18   | Killed a dread lich
218262 | Zig:18   | Identified the +2 leather armour of Duroimm {rC+}
218268 | Zig:18   | Identified the +5 quick blade "Fyomemo" {flame, Str+2}
218356 | Zig:19   | Entered Level 19 of a ziggurat
218463 | Zig:19   | Identified the +1 scale mail "Latadgh" {^Drain rPois MP+9
                  | SInv}
218474 | Zig:19   | Identified the +0 leather armour of Noeh Lekh {rN+ Will+
                  | MP+9}
218502 | Zig:19   | Identified the +3 orcbow "Yplog" {drain, rPois Dex+3}
218582 | Zig:20   | Entered Level 20 of a ziggurat
218771 | Zig:20   | Identified the +3 rapier "Yschun" {elec, *Slow rElec rF+
                  | Dex+2}
218777 | Zig:20   | Identified the +0 robe "Yverroes" {Harm Will++}
218780 | Zig:20   | Identified the +1 chain mail of the Crypt {Int+3 Dex+3
                  | Stlth-}
218788 | Zig:20   | Identified the +5 sling of Action {flame, rCorr Str+9 Int+2
                  | Dex-2}
218875 | Zig:20   | Identified the +6 hand axe of the Puffin {holy, *Slow
                  | +Blink Fly rCorr}
218952 | Zig:21   | Entered Level 21 of a ziggurat
218965 | Zig:21   | Noticed a royal mummy
218966 | Zig:21   | Noticed a royal mummy
218966 | Zig:21   | Noticed a royal mummy
218967 | Zig:21   | Noticed a royal mummy
218969 | Zig:21   | Killed a royal mummy
218971 | Zig:21   | Killed a royal mummy
218971 | Zig:21   | Killed a royal mummy
218972 | Zig:21   | Noticed a royal mummy
218972 | Zig:21   | Noticed a royal mummy
218972 | Zig:21   | Noticed a royal mummy
218974 | Zig:21   | Noticed a royal mummy
218974 | Zig:21   | Noticed a royal mummy
218976 | Zig:21   | Killed a royal mummy
218977 | Zig:21   | Killed a royal mummy
218977 | Zig:21   | Killed a royal mummy
218977 | Zig:21   | Killed a royal mummy
218977 | Zig:21   | Killed a royal mummy
218978 | Zig:21   | Killed a royal mummy
219136 | Zig:21   | Found the +8 autumn katana {manifold assault}
219165 | Zig:21   | Identified the +5 sling of Ubuotz {heavy, Int+6}
219304 | Zig:22   | Entered Level 22 of a ziggurat
219324 | Zig:22   | Noticed Xugomas the pandemonium lord
219326 | Zig:22   | Noticed Nael the pandemonium lord
219326 | Zig:22   | Noticed Veicryri the pandemonium lord
219327 | Zig:22   | Noticed Ecvanarch the pandemonium lord
219329 | Zig:22   | Killed Veicryri the pandemonium lord
219330 | Zig:22   | Noticed Riryreg the pandemonium lord
219330 | Zig:22   | Noticed Xak Goh the pandemonium lord
219330 | Zig:22   | Noticed Oress the pandemonium lord
219330 | Zig:22   | Noticed Dofigyesch the pandemonium lord
219330 | Zig:22   | Found the macabre finger necklace {Finger+ rN+}
219343 | Zig:22   | Killed Ecvanarch the pandemonium lord
219345 | Zig:22   | Killed Xugomas the pandemonium lord
219355 | Zig:22   | Killed Nael the pandemonium lord
219356 | Zig:22   | Reached skill level 15 in Air Magic
219358 | Zig:22   | Killed Dofigyesch the pandemonium lord
219358 | Zig:22   | Killed Xak Goh the pandemonium lord
219365 | Zig:22   | Killed Riryreg the pandemonium lord
219366 | Zig:22   | Killed Oress the pandemonium lord
219532 | Zig:22   | Identified the ring of Untruth {MP+9 Dex+2}
219565 | Zig:22   | Identified the +6 scale mail of Light {^Contam Dex+4
                  | Stlth+}
219566 | Zig:22   | Identified the ring of Starshine {Fly rPois Dex+2}
219707 | Zig:23   | Entered Level 23 of a ziggurat
219724 | Zig:23   | Reached skill level 27 in Fire Magic
219891 | Zig:23   | Found the +8 demon trident "Rift" {distort, reach+}
219973 | Zig:23   | Identified the +5 long sword of Ineoloach {chaos, Str+3}
219974 | Zig:23   | Identified the ring "Igidiuno" {rF+ rCorr}
219978 | Zig:23   | Identified the death talisman "Zyics" {rF+ rC+ Dex+2}
219982 | Zig:23   | Identified the +9 halberd "Teawe" {drain, Will+ Str+3}
219988 | Zig:23   | Identified the +2 falchion of the Burning Soothsayer
                  | {flame, *Slow rElec Will+ Str+7}
220068 | Zig:23   | Identified the +4 barding "Oggev" {rPois rF+ Dex+2}
220091 | Zig:24   | Entered Level 24 of a ziggurat
220108 | Zig:24   | Noticed a dread lich
220110 | Zig:24   | Noticed a dread lich
220110 | Zig:24   | Noticed an ancient lich
220112 | Zig:24   | Noticed an ancient lich
220112 | Zig:24   | Noticed a dread lich
220112 | Zig:24   | Noticed a dread lich
220114 | Zig:24   | Noticed an ancient lich
220115 | Zig:24   | Killed a dread lich
220115 | Zig:24   | Killed a dread lich
220115 | Zig:24   | Killed an ancient lich
220115 | Zig:24   | Noticed an ancient lich
220116 | Zig:24   | Killed a dread lich
220116 | Zig:24   | Killed a dread lich
220116 | Zig:24   | Killed an ancient lich
220116 | Zig:24   | Killed an ancient lich
220120 | Zig:24   | Killed an ancient lich
220370 | Zig:25   | Entered Level 25 of a ziggurat
220979 | Zig:25   | Identified the +7 mace of Rifitol {heavy, ^Contam rElec
                  | MP+9 Str+3}
220982 | Zig:25   | Identified the death talisman of Hiud Vur {rF+ Str+4}
220994 | Zig:25   | Identified the staff of Xiphirghezi {rElec Str+3 Conj}
221072 | Zig:26   | Entered Level 26 of a ziggurat
221284 | Zig:26   | Identified the +4 great sword of Dismay {spect, rC++
                  | Stlth+}
221287 | Zig:26   | Identified the staff of Nemelex Xobeh {rElec Hexes Air}
221291 | Zig:26   | Identified the ring of the Duke {*Corrode rC+ Int+2 Dex+6
                  | Slay+3}
221293 | Zig:26   | Identified the +3 scale mail of Elyvilon's Approval {Harm
                  | rF+}
221460 | Zig:27   | Entered Level 27 of a ziggurat
221803 | Zig:27   | Identified the staff of Honour {rPois rF++ Earth}
221809 | Zig:27   | Identified the staff of Oleet {rN+ Dex+3 Necro}
221817 | Zig:27   | Identified the +8 morningstar of Makhleb's Castigation
                  | {pain, +Blink}
221850 | Zig:27   | Identified the +7 broad axe of the Onslaught {holy, Dex+2}
221851 | Zig:27   | Identified the +5 falchion of Woxoeckaozi {spect, Str+2}
222057 | Zig:1    | Entered Level 1 of a ziggurat
222108 | Zig:2    | Entered Level 2 of a ziggurat
222171 | Zig:3    | Entered Level 3 of a ziggurat
222230 | Zig:4    | Entered Level 4 of a ziggurat
222232 | Zig:4    | Noticed Poluostra the pandemonium lord
222240 | Zig:4    | Killed Poluostra the pandemonium lord
222322 | Zig:4    | Identified the +1 pair of boots of Disappointment {rElec
                  | Stlth+}
222328 | Zig:5    | Entered Level 5 of a ziggurat
222369 | Zig:5    | Identified the +9 morningstar "Ockylum" {elec, rF+ rCorr
                  | Str+3}
222392 | Zig:6    | Entered Level 6 of a ziggurat
222396 | Zig:6    | Noticed a dread lich
222396 | Zig:6    | Noticed an ancient lich
222398 | Zig:6    | Killed a dread lich
222398 | Zig:6    | Killed an ancient lich
222399 | Zig:6    | Reached skill level 27 in Air Magic
222450 | Zig:7    | Entered Level 7 of a ziggurat
222583 | Zig:8    | Entered Level 8 of a ziggurat
222648 | Zig:8    | Identified the +3 scimitar of Imminent Death {antimagic,
                  | rElec rC+ SInv}
222667 | Zig:9    | Entered Level 9 of a ziggurat
222717 | Zig:9    | Found the +9 sword of Zonguldrok {reap}
222746 | Zig:9    | Identified the +4 chain mail "Vipas" {Fly}
222748 | Zig:9    | Identified the +1 dire flail of Domination {freeze, Fly
                  | rPois Will- Int+2}
222814 | Zig:10   | Entered Level 10 of a ziggurat
222953 | Zig:11   | Entered Level 11 of a ziggurat
223028 | Zig:11   | Identified the staff of Prudence {Summ Fire Earth}
223030 | Zig:11   | Identified the staff of Jiogg {rPois Will+ Str+5 Conj}
223038 | Zig:11   | Identified the +4 halberd of Ancient Evil {holy, Dex+3}
223120 | Zig:12   | Entered Level 12 of a ziggurat
223131 | Zig:12   | Found the +13 scythe of Curses {drain, curses, ^Drain}
223230 | Zig:12   | Identified the +3 scale mail "Saom" {Fly rC+ Slay+3}
223267 | Zig:13   | Entered Level 13 of a ziggurat
223379 | Zig:13   | Found the +10 dark maul {heavy}
223446 | Zig:13   | Identified the ring "Xayzot" {rElec Int+6 Dex+4 Stlth+}
223458 | Zig:13   | Acquired the scarf "Guwko" {repulsion, rF+ rN+}
223488 | Zig:14   | Entered Level 14 of a ziggurat
223629 | Zig:14   | Identified the +3 scimitar "Fupurr" {freeze, Will++ Str+3
                  | Int+2 Dex+2}
223641 | Zig:14   | Identified the ring "Yweuqog" {Ice rPois rN+ Slay+5}
223643 | Zig:14   | Identified the +1 flail of Moderation {venom, rCorr Int+4}
223697 | Zig:15   | Entered Level 15 of a ziggurat
223812 | Zig:15   | Identified the staff of the Twisting Gods {rPois rN+ Str+2
                  | Dex+4 Alchemy}
223877 | Zig:16   | Entered Level 16 of a ziggurat
223893 | Zig:16   | Noticed an orb of fire
223893 | Zig:16   | Noticed an orb of fire
223893 | Zig:16   | Noticed an orb of fire
223899 | Zig:16   | Killed an orb of fire
223899 | Zig:16   | Killed an orb of fire
223900 | Zig:16   | Killed an orb of fire
224042 | Zig:16   | Identified the +3 whip of Dust {vamp, rF+ rC+ Will+}
224135 | Zig:17   | Entered Level 17 of a ziggurat
224297 | Zig:17   | Identified the staff of Ucagic {+Blink rF- rC+ Dex+2 Necro
                  | Ice}
224298 | Zig:17   | Identified the staff of Fate {^Contam rPois rN+ Will++
                  | Str+4 Necro}
224313 | Zig:17   | Identified the +5 orcbow of Lodauh Xyic {flame, SInv
                  | Stlth+}
224321 | Zig:17   | Identified the staff "Esmi" {rC+ Str+8 Int-2 SInv Ice
                  | Alchemy}
224363 | Zig:18   | Entered Level 18 of a ziggurat
224519 | Zig:18   | Identified the +0 scale mail of Forking Paths {SInv}
224527 | Zig:18   | Identified the +6 scale mail of Dim Light {rC- rCorr Str+3
                  | Dex+3}
224529 | Zig:18   | Identified the staff of Siny {rF+ Str+7 Int-5 Dex+3 Stlth+
                  | Fire}
224549 | Zig:18   | Identified the amulet "Yboxib" {Faith Dex+5}
224552 | Zig:18   | Identified the +2 shortbow "Wirutod" {speed, SInv}
224619 | Zig:19   | Entered Level 19 of a ziggurat
224630 | Zig:19   | Noticed a royal mummy
224631 | Zig:19   | Noticed a royal mummy
224631 | Zig:19   | Noticed a royal mummy
224634 | Zig:19   | Killed a royal mummy
224634 | Zig:19   | Killed a royal mummy
224634 | Zig:19   | Killed a royal mummy
224634 | Zig:19   | Noticed a royal mummy
224634 | Zig:19   | Noticed a royal mummy
224635 | Zig:19   | Reached skill level 27 in Conjurations
224635 | Zig:19   | Noticed a royal mummy
224635 | Zig:19   | Noticed a royal mummy
224636 | Zig:19   | Noticed a royal mummy
224636 | Zig:19   | Noticed a royal mummy
224636 | Zig:19   | Noticed a royal mummy
224638 | Zig:19   | Killed a royal mummy
224638 | Zig:19   | Killed a royal mummy
224638 | Zig:19   | Killed a royal mummy
224638 | Zig:19   | Killed a royal mummy
224638 | Zig:19   | Noticed a royal mummy
224638 | Zig:19   | Noticed a royal mummy
224638 | Zig:19   | Noticed a royal mummy
224639 | Zig:19   | Killed a royal mummy
224639 | Zig:19   | Killed a royal mummy
224639 | Zig:19   | Killed a royal mummy
224642 | Zig:19   | Killed a royal mummy
224642 | Zig:19   | Killed a royal mummy
224642 | Zig:19   | Killed a royal mummy
224643 | Zig:19   | Noticed a royal mummy
224657 | Zig:19   | Killed a royal mummy
224846 | Zig:19   | Identified the +1 pair of boots of Hotwi {Str+2 Dex+3}
224862 | Zig:19   | Identified the +0 broad axe "Zethulel" {protect, Fly rC-
                  | rN+ Str+5}
224934 | Zig:20   | Entered Level 20 of a ziggurat
224949 | Zig:20   | Noticed a juggernaut
224951 | Zig:20   | Noticed a juggernaut
224953 | Zig:20   | Killed a juggernaut
224957 | Zig:20   | Killed a juggernaut
224957 | Zig:20   | Noticed a juggernaut
224960 | Zig:20   | Killed a juggernaut
224961 | Zig:20   | Reached skill level 15 in Armour
225175 | Zig:20   | Identified the +1 ring mail "Tuojeck" {Rampage Dex+4}
225213 | Zig:20   | Identified the +7 glaive "Vofyuk" {protect, ^Contam Int+7}
225272 | Zig:21   | Entered Level 21 of a ziggurat
225312 | Zig:21   | Identified the +7 tower shield "Rieffob" {Harm}
225569 | Zig:21   | Identified the +7 falchion "Cookie Cutter" {freeze, *Slow
                  | rElec Stlth+}
225579 | Zig:21   | Identified the amulet of Lalidal {Reflect rPois rF+ Slay+5
                  | SH+5}
225581 | Zig:21   | Identified the +10 trident "Ipudghibai" {protect, rF+}
225628 | Zig:22   | Entered Level 22 of a ziggurat
225643 | Zig:22   | Noticed Luazi the pandemonium lord
225645 | Zig:22   | Noticed Geahagys the pandemonium lord
225646 | Zig:22   | Noticed Tery the pandemonium lord
225646 | Zig:22   | Noticed Dol Sued the pandemonium lord
225646 | Zig:22   | Noticed Vellorae the pandemonium lord
225649 | Zig:22   | Killed Tery the pandemonium lord
225649 | Zig:22   | Killed Luazi the pandemonium lord
225651 | Zig:22   | Killed Vellorae the pandemonium lord
225654 | Zig:22   | Killed Dol Sued the pandemonium lord
225654 | Zig:22   | Noticed Oli Gaub the pandemonium lord
225662 | Zig:22   | Noticed Xeebbayl the pandemonium lord
225663 | Zig:22   | Noticed Ykhoj the pandemonium lord
225665 | Zig:22   | Killed Geahagys the pandemonium lord
225665 | Zig:22   | Killed Oli Gaub the pandemonium lord
225671 | Zig:22   | Noticed Atsyig the pandemonium lord
225672 | Zig:22   | Noticed Railill the pandemonium lord
225677 | Zig:22   | Noticed Ahooboxo the pandemonium lord
225680 | Zig:22   | Killed Xeebbayl the pandemonium lord
225681 | Zig:22   | Noticed Qeom the pandemonium lord
225682 | Zig:22   | Killed Ahooboxo the pandemonium lord
225697 | Zig:22   | Killed Ykhoj the pandemonium lord
225697 | Zig:22   | Noticed Xuse Jik the pandemonium lord
225699 | Zig:22   | Killed Railill the pandemonium lord
225708 | Zig:22   | Noticed Qoovat the pandemonium lord
225714 | Zig:22   | Noticed Ycibisol the pandemonium lord
225717 | Zig:22   | Killed Atsyig the pandemonium lord
225730 | Zig:22   | Killed Ycibisol the pandemonium lord
225731 | Zig:22   | Killed Xuse Jik the pandemonium lord
225777 | Zig:22   | Reached skill level 27 in Stealth
225779 | Zig:22   | Killed Qeom the pandemonium lord
225790 | Zig:22   | Killed from afar by Qoovat the pandemonium lord

Illustrated notes

Levels and vault maps discovered:
D:1:      lemuel_arrival_funnel, layout_loops_ring, minmay_tree_intersection,
          hangedman_decor_opposing, hangedman_glass_teeth, minmay_hexomino_f4
D:2:      layout_loops_ring, dreamdust_ecumenical_altar_angels_and_demons,
          basic_altar
D:3:      kennysheep_big_flooded_room, layout_rooms, serial_curves,
          eino_curves_03, eino_curves_03, eino_curves_03, eino_curves_04,
          hex_intersection, uniq_natasha
D:4:      layout_basic
D:5:      kennysheep_spiral_hall, layout_basic, minitemple,
          minmay_temple_entry_arrows, cheibrodos_sewer_entry_drain
D:6:      layout_rooms, lemuel_doored_altar, serial_shops, shop,
          nicolae_elemental_shop, minmay_misc_feat_rows,
          chequers_serial_rivers_micro_a
D:7:      layout_basic, grunt_ministairs_15, uniq_menkaure, uniq_pikel
D:8:      layout_gridville, due_lair_maze_entry_diamond, nicolae_shop_fire_sale
          [nicolae_sub_dead_trees], serial_park_tiny_1
D:9:      layout_irregular_city
D:10:     layout_basic, uniq_maggie, uniq_urug
D:11:     layout_loops_ring, serial_shops, shop, special_room [special_room_bee]
D:12:     layout_basic, kennysheep_orc_monster_closet_entryway, serial_shops,
          nicolae_shop_just_a_little_nook, shop, shop,
          nicolae_shop_pleasant_corner_grove, shop
D:13:     layout_small_grid, serial_shops, shop,
          nicolae_shop_tiny_statue_garden, shop, nicolae_shop_peninsula, shop,
          hellmonk_talismancer, uniq_rupert, uniq_nessos, uniq_sonja
D:14:     minmay_inner_zag, layout_basic, hellmonk_vaults_keyhole,
          grunt_gozag_statues
D:15:     hellmonk_depths_entry_around_the_bend, layout_loops_corners,
          nicolae_tricolors, hangedman_abyss_or_decor_passed,
          serial_bayou_lake_a, uniq_josephine
Temple:   nicolae_temple_superstar
Lair:1:   layout_concentric_octagons, infiniplex_staircase_pool_2
Lair:2:   layout_loops_ring, minmay_shoals_entry_centaurs,
          nicolae_spider_entry_tight_spaces, special_room, nzn_sisyphean_effort
Lair:3:   layout_cave_pods, gammafunk_ghost_berserking_beasts,
          beast_lair_carwin_7, serial_bayou_shore_b, grunt_megastairs_4
Lair:4:   layout_misc_corridors, nicolae_slime_entry_slimehenge
Lair:5:   evilmike_catoblepas_cave, layout_regular_city,
          gammafunk_lair_bear_cave
Shoals:1: layout_shoals, nicolae_shoals_water_booths
Shoals:2: layout_shoals, nicolae_shoals_beach_house_on_fowls_legs,
          uniq_polyphemus, uniq_louise
Shoals:3: layout_shoals
Shoals:4: shoals_end_simple, layout_shoals, uniq_donald
Spider:1: layout_spider_delve, uniq_mlioglotl
Spider:2: layout_spider_delve, gammafunk_ghost_mausoleum, nicolae_orb_island
Spider:3: layout_chambers, hellmonk_test_site
Spider:4: hellmonk_spider_rune_bug_friends, uniq_aizul
Slime:1:  layout_caves, nicolae_slime_getting_an_eyeful
Slime:2:  nicolae_slime_jelly_donut, layout_caves
Slime:3:  layout_caves
Slime:4:  layout_caves
Slime:5:  slime_pit_nicolae_trefoil
Orc:1:    layout_caves, basic_altar, serial_shops, shop
Orc:2:    st_orc_open, layout_caves, nicolae_shop_self_help
Elf:1:    eino_elf_arrival_sip, layout_geoelf_diagonals,
          nicolae_elf_crossing_hall, roderic_lattice_octagonal_star
Elf:2:    elven_hall_of_blades_hangedman_alternative
          [mumra_blade_entry_bloodbath], layout_loops_cross,
          portal_desolation_entry_nicolae_slug, nicolae_trove_entry_diagonal
Elf:3:    minmay_elf_hall_spiked, layout_geoelf_grid, serial_shops,
          shop_fountains
Vaults:1: gammafunk_ghost_split, nicolae_vaults_fighting_squares,
          nicolae_vaults_three_branches, ontoclasm_vaults_decontamination,
          nicolae_vaults_ninety_degrees, nicolae_vaults_tetromino_Z_1,
          nicolae_vaults_heart-shaped_vault, ontoclasm_vaults_idyll,
          ontoclasm_vaults_loading_screen, nicolae_vaults_network_barrier,
          nicolae_vaults_six-pack, layout_vaults_maze
Vaults:2: nicolae_vaults_mini_display_case, nicolae_vaults_hexular_roomagon,
          nicolae_vaults_big_ls, vaults_dpeg_hooks, v_misc_14,
          minmay_crypt_entry_necro_gods, vaults_mumra_hex, vaults_room_corners,
          vaults_room_door_hall, layout_vaults_quadrants, serial_shops,
          bzr_entry_lakeside, nicolae_shop_tiny_statue_garden, uniq_boris,
          uniq_nikola, uniq_asterion
Vaults:3: gammafunk_ghost_tricky_traps, nicolae_vaults_network_periphery,
          nicolae_vaults_twisting_passages, ontoclasm_vaults_shuriken,
          v_misc_17, nicolae_vaults_tetromino_Z_1, nicolae_vaults_tetromino_L_1,
          layout_vaults_chaotic_city, serial_shops, shop
Vaults:4: ontoclasm_vaults_hangar, nicolae_vaults_security_offices_6,
          nicolae_vaults_sesquioval_fish, v_pattern_3,
          nicolae_vaults_offset_grid_hallway_1, nicolae_vaults_alarming,
          grunt_vaults_funnel, hangedman_vaults_nodes, hangedman_vaults_nails,
          nicolae_vaults_layer_cake_slice, layout_vaults_big_cross,
          serial_shops, shop, nicolae_shop_rolling_square, shop_fountains, shop
Vaults:5: serial_shops
Crypt:1:  layout_chaotic_city, serial_glass, glass_columns_a, glass_columns_a,
          grunt_crypt_arrival_webbed, uniq_josephina
Crypt:2:  layout_catacombs, evilmike_ambush [evilmike_ambush_outer_corners,
          evilmike_ambush_inner_cross]
Crypt:3:  grunt_crypt_end_deaths_head
Depths:1: layout_cave_pools, enter_ziggurat_d, hell_entry, kennysheep_diamond
Depths:2: hangedman_slaughterboxes, abyss_entry, pan_entry, hell_entry
Depths:3: minmay_the_grid_triangle_9x9_recursive_2
          [minmay_the_grid_triangle_9x9_prize_special,
          minmay_the_grid_triangle_9x9_thin_v,
          minmay_the_grid_triangle_9x9_from_above,
          minmay_the_grid_triangle_9x9_corrupted_corridor], layout_basic,
          abyss_entry, grunt_dithmenos_smoke, pf_vacation_house_of_asmodeus,
          minmay_shop_star, minmay_staircase_statues, firewood_loft, uniq_mara
Depths:4: grunt_twist_and_shout, layout_basic, rand_demon_pan_entry_8,
          serial_bayou_ford_a, hell_entry, abyss_entry, serial_shops, shop,
          nicolae_shop_drivethru, nicolae_shop_tiny_glass, shop,
          nicolae_shop_mannequins, uniq_jory
Hell
Dis:1:    layout_overlapping_boxes
Dis:2:    nicolae_dis_circle_tower, layout_jigsaw, hangedman_dis_chains
Dis:3:    nicolae_hells_demon_pit, layout_jigsaw
Dis:4:    layout_subdivisions
Dis:5:    layout_subdivisions, hangedman_dis_decor_tower
Dis:6:    layout_jigsaw
Dis:7:    dis_grunt_layers
Geh:1:    layout_gehenna_lava_caves
Geh:2:    layout_gehenna_pools_box
Geh:3:    layout_gehenna_pools_basic, nicolae_hells_leichenhalle
Geh:4:    layout_gehenna_lava_caves, special_room [special_room_morgue]
Geh:5:    layout_gehenna_lava_caves
Geh:6:    layout_gehenna_pools_triple
Geh:7:    geh_mu
Coc:1:    layout_cocytus_delve
Coc:2:    layout_ice_bergs
Coc:3:    layout_ice_bergs
Coc:4:    layout_ice_bergs
Coc:5:    layout_cocytus_water_paths
Coc:6:    layout_cocytus_delve
Coc:7:    coc_old
Tar:1:    hangedman_restless_catacombs
Tar:2:    layout_catacombs, nicolae_tar_spectre_spectrum
Tar:3:    layout_catacombs
Tar:4:    layout_honeycomb
Tar:5:    layout_grid_maze
Tar:6:    layout_grid_maze, nicolae_tar_cuneiform_three
Tar:7:    tar_old
Zot:1:    layout_cellular_growth, nicolae_zig_zag_zippers
Zot:2:    gammafunk_mikee_crab_dinner, layout_gridlike,
          regret_index_zot_stipple_split, hangedman_zot_wheel_spokes,
          lemuel_elevator
Zot:3:    grunt_deathspiral_small, layout_onion_interference
Zot:4:    layout_misc_corridors, hangedman_zot_decor_slant, st_stairs_14,
          regret_index_zotdec_banners
Zot:5:    layout_twisted_circle, grunt_ministairs_12
Zig:22:   ziggurat_pillar_centre_c, ziggurat_pillar_centre_c,
          ziggurat_pillar_centre_c, ziggurat_pillar_centre_c

Skill      XL: |  1  2  3  4  5  6  7  8  9 10 11 12 13 14 15 16 17 18 19 20 21 22 23 24 25 26 27 |
---------------+----------------------------------------------------------------------------------+-----
Fighting       | 1 2 3 4 5 6 7 9 10 11 12 13 14 15 18 19 20 22 24 27 | 27.0
Spellcasting   | 3 4 5 6 7 9 10 11 12 13 14 15 16 18 19 20 21 22 27 | 27.0
Earth Magic    | 3 4 5 6 9 10 11 12 13 15 18 21 23 24 27 | 27.0
Conjurations   | 2 3 5 6 7 9 11 12 13 15 16 27 | 27.0
Dodging        | 2 3 5 6 8 19 | 19.1
Stealth        | 3 5 6 8 10 13 14 16 19 20 27 | 27.0
Necromancy     | 1 5 6 7 |  7.0
Ranged Weapons | 1 3 4 14 | 14.0
Armour         | 1 2 4 16 | 16.6
Shields        | 5 11 14 20 | 20.0
Summonings     | 7 12 15 | 15.0
Evocations     | 14 | 14.0
Shapeshifting  | 24 | 24.0
Fire Magic     | 27 | 27.0
Air Magic      | 27 | 27.0

Action                     |  1- 3 |  4- 6 |  7- 9 | 10-12 | 13-15 | 16-18 | 19-21 | 22-24 | 25-27 || total
---------------------------+-------+-------+-------+-------+-------+-------+-------+-------+-------++-------
  Melee: Unarmed           |    12 |       |       |       |       |       |       |       |       ||    12
         Short sword       |       |    17 |       |       |       |       |       |       |       ||    17
         Dagger            |       |       |    29 |     2 |       |       |       |       |       ||    31
         Staff             |       |       |       |    48 |     1 |       |       |       |   145 ||   194
         Punch             |       |       |       |     2 |       |       |       |       |       ||     2
         Sling             |       |       |       |       |       |    16 |       |       |     1 ||    17
   Fire: Sling             |       |       |       |       |   160 |   452 |   175 |     8 |   378 ||  1173
   Cast: Sandblast         |    51 |   117 |   103 |    46 |       |     8 |     1 |       |       ||   326
         Stone Arrow       |       |     2 |   109 |   341 |   573 |    91 |     8 |       |       ||  1124
         Lee's Rapid Decon |       |       |       |    47 |   201 |   159 |   269 |   128 |   464 ||  1268
         Borgnjor's Vile C |       |       |       |    63 |   107 |    82 |    25 |       |     1 ||   278
         Bombard           |       |       |       |       |    33 |   823 |   751 |   818 |  2471 ||  4896
         Spellforged Servi |       |       |       |       |       |       |    73 |   143 |   722 ||   938
         Shatter           |       |       |       |       |       |       |       |       |  1577 ||  1577
         Ignition          |       |       |       |       |       |       |       |       |   208 ||   208
         Lehudib's Crystal |       |       |       |       |       |       |       |       |    88 ||    88
         Chain Lightning   |       |       |       |       |       |       |       |       |    27 ||    27
 Invoke: Potion Petition   |       |       |       |       |       |     6 |     3 |       |    51 ||    60
         Call Merchant     |       |       |       |       |       |       |       |     3 |     1 ||     4
Ability: Evoke Blink       |       |       |       |       |       |       |       |       |     2 ||     2
  Evoke: Wand              |       |       |       |     7 |       |     2 |       |       |       ||     9
         Box of beasts     |       |       |       |       |     1 |     3 |       |       |       ||     4
         Tin of tremorston |       |       |       |       |       |     3 |       |     2 |     3 ||     8
         Phantom mirror    |       |       |       |       |       |     1 |     1 |       |    12 ||    14
         Phial of floods   |       |       |       |       |       |     1 |       |       |     2 ||     3
         Horn of Geryon    |       |       |       |       |       |       |       |       |     4 ||     4
         Figurine of a zig |       |       |       |       |       |       |       |       |     1 ||     1
    Use: Scroll            |       |    12 |     7 |     1 |    15 |     9 |     8 |     3 |     9 ||    64
         Potion            |       |     1 |     2 |     4 |       |     1 |     2 |     3 |    39 ||    52
   Stab: Distracted        |       |       |       |       |       |       |       |       |    16 ||    16
         Invisible         |       |       |       |       |       |       |       |       |     2 ||     2
 Armour: Robe              |    28 |    72 |   102 |   211 |   255 |   710 |   390 |   379 |  1474 ||  3621
         Steam dragon scal |       |       |       |       |    51 |       |       |       |       ||    51
         Skin              |       |       |       |       |       |       |       |       |     4 ||     4
  Dodge: Dodged            |    36 |    83 |    90 |   178 |   273 |   481 |   158 |   235 |  1432 ||  2966
         Repelled          |       |       |       |       |       |       |       |       |    27 ||    27
  Block: Other             |     4 |    21 |    30 |    48 |    49 |    12 |       |       |       ||   164
         Buckler           |       |       |       |       |       |   217 |       |   289 |   727 ||  1233
         Kite shield       |       |       |       |       |       |   471 |   456 |       |   975 ||  1902
   Form: Death             |       |       |       |       |       |       |       |       |     4 ||     4
                           |       |       |       |       |       |       |       |       |     2 ||     2

Table legend: (Time is in decaauts)
 A = Elapsed time spent in this place.
 B = Non-inter-level travel time spent in this place.
 C = Inter-level travel time spent in this place.
 D = Time resting spent in this place.
 E = Time spent auto-exploring this place.
 F = Levels seen in this place.
 G = Mean time per level.
                   A        B        C        D        E       F      G
               +--------+--------+--------+--------+--------+-----+--------+
         Total | 227271 | 208568 |  18703 |  56594 | 106760 | 161 | 1411.6 |
       Dungeon |  31074 |  23997 |   7077 |   6195 |  13682 |  15 | 2071.6 |
        Temple |     24 |      2 |     22 |      0 |      0 |   1 |   24.0 |
          Lair |  17536 |  15538 |   1998 |   5465 |   7455 |   5 | 3507.2 |
        Shoals |   9857 |   9376 |    481 |   3485 |   4154 |   4 | 2464.2 |
   Spider Nest |  11919 |  10578 |   1341 |   4514 |   4170 |   4 | 2979.8 |
    Slime Pits |   6924 |   6676 |    248 |   2830 |   2899 |   5 | 1384.8 |
  Orcish Mines |   2857 |   2152 |    705 |    294 |   1356 |   2 | 1428.5 |
   Elven Halls |   8202 |   7687 |    515 |   2719 |   3332 |   3 | 2734.0 |
        Vaults |  19756 |  17885 |   1871 |   5393 |   8411 |   5 | 3951.2 |
         Crypt |   7036 |   6582 |    454 |   2032 |   3351 |   3 | 2345.3 |
        Depths |  12713 |   9981 |   2732 |   2769 |   5209 |   4 | 3178.2 |
          Hell |   1047 |    918 |    129 |    130 |    574 |   1 | 1047.0 |
           Dis |   7331 |   7242 |     89 |   2105 |   3550 |   7 | 1047.3 |
       Gehenna |   5344 |   5173 |    171 |    740 |   3303 |   7 |  763.4 |
       Cocytus |   7006 |   6853 |    153 |   2224 |   3309 |   7 | 1000.9 |
      Tartarus |   7287 |   7078 |    209 |   1692 |   3601 |   7 | 1041.0 |
           Zot |  11750 |  11249 |    501 |   4300 |   4992 |   5 | 2350.0 |
         Abyss |   1310 |   1310 |      0 |    358 |    272 |   3 |  436.7 |
   Pandemonium |  42189 |  42189 |      0 |   6664 |  24641 |  21 | 2009.0 |
      Ziggurat |   9991 |   9991 |      0 |     81 |   6404 |  49 |  203.9 |
        Bazaar |    477 |    477 |      0 |    286 |     99 |   1 |  477.0 |
         Sewer |    584 |    584 |      0 |     45 |    409 |   1 |  584.0 |
    Desolation |   5048 |   5048 |      0 |   2270 |   1583 |   1 | 5048.0 |
               +--------+--------+--------+--------+--------+-----+--------+

Top non-repeatable levels by time:
Spider:3: 5791 daAuts
Vaults:2: 5350 daAuts
  Lair:2: 5074 daAuts
Desolation: 5048 daAuts
Depths:2: 5018 daAuts
Vaults:5: 4636 daAuts
    D:15: 4342 daAuts
Vaults:1: 4184 daAuts
   Elf:3: 4015 daAuts
   Dis:7: 3964 daAuts
   Zot:3: 3781 daAuts
   Tar:7: 3462 daAuts
  Lair:5: 3438 daAuts
Shoals:4: 3408 daAuts
  Lair:1: 3379 daAuts
